Workbook
Name BalanceRange: 'Loan Amortization'!$G$14:OFFSET('Loan Amortization'!$G$14,'Loan Amortization'!$B$3*'Loan Amortization'!$B$5,0)
Name BalanceRange: 'Loan Amortization 2nd Loan'!$G$14:OFFSET('Loan Amortization 2nd Loan'!$G$14,'Loan Amortization 2nd Loan'!$B$3*'Loan Amortization 2nd Loan'!$B$5,0)

Sheet Analysis Worksheet
A2: Property Analysis Worksheet
A3: Client Name: | F3: Prepared By: | G3: Steve Chader
A4: Property Address: Example | F4: List Price: | G4: 400000
A6: Purchase Terms | B6: 1. Fair Market Value: | C6: % | F6: 400000
B7: Discount % | F7: 0.02
B8: Purchase Price (max offer price) | F8: =(1-F7)*F6 -> 392000 | AD8: Purchase Price (max offer price) | AH8: =F8 -> 392000
B9: Percent Down | F9: 0.2 | AD9: Percent Down | AH9: 0.2
B10: Down Payment Amount | F10: =F8*F9 -> 78400 | AD10: Down Payment Amount | AH10: =AH8*AH9 -> 78400 | AK10: 1st
B11: Amount Financed | F11: =F8-F10 -> 313600 | AD11: Amount Financed | AH11: =AH8-AH10 -> 313600 | AK11: 2nd
B12: Interest Rate | F12: 0.07 | AD12: Interest Rate | AH12: =F12 -> 0.07
B13: Closing Costs (2%) | C13: 0.015 | F13: =C13*F8 -> 5880 | AD13: Closing Costs (2%) | AE13: 0.01 | AH13: =F13 -> 5880
B14: Cost of Repairs (make-ready) | F14: 0 | AD14: Cost of Repairs (make-ready) | AH14: =F14 -> 0
B15: Total Cash Invested | F15: =F14+F13+F10-F18 -> 64280 | AD15: Total Cash Invested | AH15: =AH14+AH13+AH10 -> 84280
B16: Length of Mortgage (years) | F16: 30 | AD16: Length of Mortgage (years) | AH16: 30
B17: Payments Per Year | F17: 12 | AD17: Payments Per Year | AH17: 12
B18: Policy Loan or HECL | F18: 20000 | AD18: =B18 -> Policy Loan or HECL
B19: Interest Rate | F19: 0.05 | AD19: =B19 -> Interest Rate
B20: Length of Mortgage (years) | F20: 30 | AD20: =B20 -> Length of Mortgage (years)
B21: Payments Per Year | F21: 12 | J21: What if your cash flow is negative | AD21: =B21 -> Payments Per Year
B22: Monthly Payment on #2 Loan | F22: =IF(E20="yes",'Loan Amortization 2nd Loan'!H3,'Loan Amortization 2nd Loan'!B6) -> 107.36432 | J22: Year One | K22: Monthly | L22: Annual | AD22: =B22 -> Monthly Payment on #2 Loan
AD23: =B23 -> 0
F24: Monthly | G24: Annual | J24: monthly cash flow | K24: =F59 -> -596.41962 | L24: =K24*12 -> -7157.0354 | AH24: Monthly | AI24: Annual
B25: Mortgage Payment | F25: =PMT(F12/F17,F16*F17,F11*-1)+F22 -> 2193.7529 | G25: =F25*12 -> 26325.035 | J25: loan Paydown | K25: =L25/12 -> 290.05439 | L25: ='ROI Analysis'!I4 -> 3480.6527 | AD25: Mortgage Payment | AH25: =PMT(AH12/AH17,AH16*AH17,AH11*-1) -> 2086.3886 | AI25: =AH25*12 -> 25036.663
A27: Operating Budget | B27: II. Rental Income | C27: % | F27: Monthly | G27: Annual | J27: Tax savings | K27: =L27/12 -> 190.06061 | L27: =F8*0.8/27.5*0.2 -> 2280.7273 | AD27: II. Rental Income | AE27: % | AH27: Monthly | AI27: Annual
B28: Unit A | E28: + | F28: 2300 | G28: =F28*12 -> 27600 | J28: Cash out of pocket | K28: =SUM(K24:K27) -> -116.30462 | L28: =SUM(L24:L27) -> -1395.6554 | AD28: Unit A | AG28: + | AH28: =F28 -> 2300 | AI28: =AH28*12 -> 27600
B29: Unit B | E29: + | F29: 0 | G29: =F29*12 -> 0 | J29: Property Appreciation | K29: =L29/12 -> 1333.3333 | L29: ='ROI Analysis'!N4 -> 16000 | M29: 0.04 | AD29: Unit B | AG29: + | AH29: =F29 -> 0 | AI29: =AH29*12 -> 0
B30: Unit C | E30: + | J30: Cost of Ownership | K30: =K28+K29 -> 1217.0287 | L30: =L28+L29 -> 14604.345 | AD30: Unit C | AG30: + | AH30: =F30 -> 0
B31: Unit D | E31: + | I31: This spreadsheet is a model for informational purposes only. It is not meant nor designed to represent what will happen with regards to interest rates, appreciation, rents or vacancy. It is not meant to be a substitute for your own judgement. Neither KellerINK nor the HOLD authors are responsible for errors. | AD31: Unit D | AG31: + | AH31: =F31 -> 0
B33: Gross Rental Income | E33: = | F33: =F31+F30+F29+F28 -> 2300 | G33: =SUM(G28:G31) -> 27600 | AD33: Gross Rental Income | AG33: = | AH33: =AH31+AH30+AH29+AH28 -> 2300 | AI33: =SUM(AI28:AI31) -> 27600
B34: Vacancy Rate | C34: 0 | E34: - | F34: =G34/12 -> 0 | G34: =G33*C34 -> 0 | AD34: Vacancy Rate | AE34: =C34 -> 0 | AG34: - | AH34: =AI34/12 -> 0 | AI34: =AI33*AE34 -> 0
B35: Net Rental Income | E35: = | F35: =F33-F34 -> 2300 | G35: =G33-G34 -> 27600 | AD35: Net Rental Income | AG35: = | AH35: =AH33-AH34 -> 2300 | AI35: =AI33-AI34 -> 27600
B37: III. Expenses | C37: % | F37: Monthly | G37: Annual | AD37: III. Expenses | AE37: % | AH37: Monthly | AI37: Annual
B38: Property Management Fees | C38: 0.08 | E38: + | F38: =C38*F33 -> 184 | G38: =F38*12 -> 2208 | AD38: Property Management Fees | AE38: 0.08 | AG38: + | AH38: =F38 -> 184 | AI38: =G38 -> 2208
B39: Leasing Fee (2 year lease) | C39: 0.02 | E39: + | F39: =F33*C39 -> 46 | G39: =F39*12 -> 552 | AD39: Leasing Fee | AG39: + | AH39: =F39 -> 46 | AI39: =G39 -> 552
B40: Maintenance Reserve (5%) | C40: 0.02 | E40: + | F40: =C40*F33 -> 46 | G40: =G35*C40 -> 552 | AD40: Maintenance Reserve (5%) | AE40: 0.03 | AG40: + | AH40: =F40 -> 46 | AI40: =G40 -> 552
B41: Utilities (when vacant) | E41: + | F41: 10 | G41: =F41*12 -> 120 | AD41: Utilities (when vacant) | AG41: + | AH41: =F41 -> 10 | AI41: =G41 -> 120
B42: Property Taxes | E42: + | F42: =G42/12 -> 166.66667 | G42: 2000 | AD42: Property Taxes | AG42: + | AH42: =F42 -> 166.66667 | AI42: =G42 -> 2000
B43: Insurance | E43: + | F43: =G43/12 -> 100 | G43: 1200 | AD43: Insurance | AG43: + | AH43: =F43 -> 100 | AI43: =G43 -> 1200
B44: Other (HOA fees, lawn care, etc.) | E44: + | F44: 150 | G44: =F44*12 -> 1800 | AD44: Other (HOA fees, lawn care, etc.) | AG44: + | AH44: =F44 -> 150 | AI44: =G44 -> 1800
B45: Other | E45: +
B47: Total Expenses | E47: = | F47: =F38+F39+F40+F41+F42+F43+F44 -> 702.66667 | G47: =G38+G39+G40+G41+G42+G43+G44 -> 8432 | AD47: Total Expenses | AG47: = | AH47: =AH38+AH39+AH40+AH41+AH42+AH43+AH44 -> 702.66667 | AI47: =AI38+AI39+AI40+AI41+AI42+AI43+AI44 -> 8432
B49: IV. Net Operating Income (NOI) | F49: Monthly | G49: Annual | AD49: IV. Net Operating Income (NOI) | AH49: Monthly | AI49: Annual
B50: Net Rental Income | F50: =F35 -> 2300 | G50: =G35 -> 27600 | AD50: Net Rental Income | AH50: =AH35 -> 2300 | AI50: =AI35 -> 27600
B51: Total Expenses | E51: - | F51: =F47 -> 702.66667 | G51: =G47 -> 8432 | AD51: Total Expenses | AG51: - | AH51: =AH47 -> 702.66667 | AI51: =AI47 -> 8432
B53: NOI | E53: = | F53: =F50-F51 -> 1597.3333 | G53: =G50-G51 -> 19168 | AD53: NOI | AG53: = | AH53: =AH50-AH51 -> 1597.3333 | AI53: =AI50-AI51 -> 19168
B55: V. Net Cash Flow | F55: Monthly | G55: Annual | AD55: V. Net Cash Flow | AH55: Monthly | AI55: Annual
B56: NOI | F56: =F53 -> 1597.3333 | G56: =G53 -> 19168 | AD56: NOI | AH56: =AH53 -> 1597.3333 | AI56: =AI53 -> 19168
B57: Mortgage Payment(s) | E57: - | F57: =F25 -> 2193.7529 | G57: =G25 -> 26325.035 | AD57: Mortgage Payment | AG57: - | AH57: =AH25 -> 2086.3886 | AI57: =AI25 -> 25036.663
B59: Net Cash Flow | E59: = | F59: =F56-F57 -> -596.41962 | G59: =F59*12 -> -7157.0354 | H59: 0 | I59: Amount of extra principle payment from postive cash flow | AD59: Net Cash Flow | AG59: = | AH59: =AH56-AH57 -> -489.05529 | AI59: =AH59*12 -> -5868.6635
H60: 0
A61: Analysis | B61: VI. Investment Analysis* | F61: Pro Forma Cap Rate: | H61: ='ROI Analysis'!X4 -> 0.04792
B62: *Annual Growth Assumptions
B63: Expenses | C63: 0.02
B64: Income (rents typically rise with inflation) | C64: 0.02
B65: Property Value (historic average 4%) | C65: 0.04
C66: Year 1 | F66: Year 5 | G66: Year 10 | H66: Year 15
B67: Total Annual Income | C67: =G35 -> 27600 | F67: ='ROI Analysis'!E8 -> 29875.128 | G67: ='ROI Analysis'!E13 -> 32984.555 | H67: ='ROI Analysis'!E18 -> 36417.614
B68: Total Annual Expenses | C68: =G47 -> 8432 | F68: ='ROI Analysis'!G8 -> 9127.068 | G68: ='ROI Analysis'!G13 -> 10077.021 | H68: ='ROI Analysis'!G18 -> 11125.845
B69: Total Annual Cash Flow | C69: =G59 -> -7157.0354 | F69: =F67-F68-G57 -> -5576.9758 | G69: =G67-G68-G57 -> -3417.501 | H69: =H67-H68-G57 -> -1033.2665
B70: Property Value | C70: ='ROI Analysis'!P4 -> 416000 | F70: ='ROI Analysis'!P8 -> 486661.16 | G70: ='ROI Analysis'!P13 -> 592097.71 | H70: ='ROI Analysis'!P18 -> 720377.4
B71: Equity | C71: =C70-C72 -> 105585.58 | F71: =F70-F72 -> 191464.5 | G71: =G70-G72 -> 322990.08 | H71: =H70-H72 -> 488254.24
B72: Loan Balance | C72: ='Loan Amortization'!G26 -> 310414.42 | F72: ='Loan Amortization'!G74 -> 295196.67 | G72: ='Loan Amortization'!G134 -> 269107.63 | H72: ='Loan Amortization'!G194 -> 232123.16
B73: Total Profit if Sold | C73: =('ROI Analysis'!P4-'ROI Analysis'!R4-F15)-('ROI Analysis'!P4*0.08) -> 8025.5796 | F73: =(F70-F72-F15)-(F70*0.08) -> 88251.602 | G73: =(G70-G72-F15)-(G70*0.08) -> 211342.26 | H73: =(H70-H72-F15)-(H70*0.08) -> 366344.05
B74: Cash on Cash ROI | C74: ='ROI Analysis'!Z4 -> -0.11134156 | F74: =F69/(F10+F14+F13) -> -0.066171995 | G74: =G69/(F10+F14+F13) -> -0.040549372 | H74: =H69/(F10+F14+F13) -> -0.012259925
B75: IRR Before tax | C75: ='ROI Analysis'!AI19 -> -0.29303645 | F75: ='ROI Analysis'!AM19 -> 0.080784516 | G75: ='ROI Analysis'!AQ19 -> 0.10028525 | H75: ='ROI Analysis'!AU19 -> 0.098129781
B76: Annualized Total Return | C76: ='ROI Analysis'!Y4 -> 0.19171776 | F76: ='ROI Analysis'!Y8 -> 0.27555262 | G76: ='ROI Analysis'!Y13 -> 0.40118485 | H76: ='ROI Analysis'!Y18 -> 0.55585878

Sheet ROI Analysis
A2: Investment Return over Time
A3: Year | B3: Rent Appreciation Rate | C3: Gross Rents (Adjusted for Inflation) | D3: Vacancy | E3: Net Rental Income (Annual) | F3: Expenses Appreciation Rate | G3: Annual Expenses (Adjusted for Inflation) | H3: Net Operating Income (Annual) | I3: Annual Debt Pay Down (Principle Paid) | J3: Accumulated Debt Pay Down | K3: Annual Net Cash Flow (Annual) | L3: Property Value (Start of Year) | M3: Property Value Appreciation Rate | N3: Annual Appreciation (Value) | O3: Accumulated Appreciation | P3: Property Value (EOY) | Q3: Cost of Sale (COS) | R3: Total Mortgage Debt 1st | S3: Total Mortgage Debt 2nd | T3: Equity | U3: Accumulated Cash Flow | V3: Total Cash In | W3: Annual Total Return (Before COS) | X3: CAP Rate | Y3: Total ROI (Annual) | Z3: Cash on Cash ROI (Annual) | AA3: Total Return on Equity (Before COS) | AB3: Accumulated Total Return (Accumlated Debt Pay Down, Cash Flow & Appreciation) | AC3: Total ROI Based on Acc.Total Return | AD3: Accumulated Total Return (after COS) | AE3: Total ROI on Acc.Total Return (after COS) | AJ3: IRR (assuming sale at end of each period)
A4: 1 | B4: ='Analysis Worksheet'!C64 -> 0.02 | C4: ='Analysis Worksheet'!G33 -> 27600 | D4: ='Analysis Worksheet'!C34 -> 0 | E4: =C4-(C4*D4) -> 27600 | F4: ='Analysis Worksheet'!C63 -> 0.02 | G4: ='Analysis Worksheet'!G47 -> 8432 | H4: =E4-G4 -> 19168 | I4: ='Loan Amortization'!H26+'Loan Amortization 2nd Loan'!H26 -> 3480.6527 | J4: =I4 -> 3480.6527 | K4: =H4-'Analysis Worksheet'!G25 -> -7157.0354 | L4: ='Analysis Worksheet'!F6 -> 400000 | M4: ='Analysis Worksheet'!C65 -> 0.04 | N4: =L4*(1+M4)-L4 -> 16000 | O4: =N4 -> 16000 | P4: =L4+N4 -> 416000 | Q4: =P4*0.08 -> 33280 | R4: ='Loan Amortization'!G26 -> 310414.42 | S4: ='Loan Amortization 2nd Loan'!G26 -> 19704.927 | T4: =P4-R4-S4 -> 85880.653 | U4: =K4 -> -7157.0354 | V4: ='Analysis Worksheet'!F15 -> 64280 | W4: =I4+N4+K4 -> 12323.617 | X4: =H4/'Analysis Worksheet'!F6 -> 0.04792 | Y4: =W4/V4 -> 0.19171776 | Z4: =K4/V4 -> -0.11134156 | AA4: =W4/T4 -> 0.14349701 | AB4: =J4+O4+U4 -> 12323.617 | AC4: =AB4/V4 -> 0.19171776 | AD4: =J4+O4+U4-Q4 -> -20956.383 | AE4: =AD4/V4 -> -0.32601715 | AF4: =-'Analysis Worksheet'!F15 -> -64280 | AG4: total cash invested | AJ4: =-'Analysis Worksheet'!F15 -> -64280 | AK4: total cash invested | AN4: =-'Analysis Worksheet'!F15 -> -64280 | AO4: total cash invested | AR4: =-'Analysis Worksheet'!F15 -> -64280 | AS4: total cash invested
A5: 2 | B5: ='Analysis Worksheet'!C64 -> 0.02 | C5: =(C4*B5)+C4 -> 28152 | D5: ='Analysis Worksheet'!C34 -> 0 | E5: =C5-(C5*D5) -> 28152 | F5: ='Analysis Worksheet'!C63 -> 0.02 | G5: =(G4*F4)+G4 -> 8600.64 | H5: =E5-G5 -> 19551.36 | I5: ='Loan Amortization'!H38+'Loan Amortization 2nd Loan'!H38 -> 3726.035 | J5: =I5+J4 -> 7206.6877 | K5: =H5-'Analysis Worksheet'!G25 -> -6773.6754 | L5: =P4 -> 416000 | M5: ='Analysis Worksheet'!C65 -> 0.04 | N5: =L5*(1+M5)-L5 -> 16640 | O5: =N5+O4 -> 32640 | P5: =L5+N5 -> 432640 | Q5: =P5*0.08 -> 34611.2 | R5: ='Loan Amortization'!G38 -> 306998.55 | S5: ='Loan Amortization 2nd Loan'!G38 -> 19394.757 | T5: =P5-R5-S5 -> 106246.69 | U5: =U4+K5 -> -13930.711 | V5: ='Analysis Worksheet'!F15 -> 64280 | W5: =I5+N5+K5 -> 13592.36 | X5: =H5/'Analysis Worksheet'!F6 -> 0.0488784 | Y5: =W5/V5 -> 0.2114555 | Z5: =K5/V5 -> -0.10537765 | AA5: =W5/T5 -> 0.12793208 | AB5: =J5+O5+U5 -> 25915.977 | AC5: =AB5/V5 -> 0.40317326 | AD5: =J5+O5+U5-Q5 -> -8695.2231 | AE5: =AD5/V5 -> -0.13527105 | AF5: =K4+AI7 -> 45443.617 | AG5: yr1 cash flow + net | AH5: Sale price | AI5: =P4 -> 416000 | AJ5: =K4 -> -7157.0354 | AK5: yr1 cash flow | AL5: Sale price | AM5: =P8 -> 486661.16 | AN5: =K4 -> -7157.0354 | AO5: yr1 cash flow | AP5: Sale price | AQ5: =P13 -> 592097.71 | AR5: =K4 -> -7157.0354 | AS5: yr1 cash flow | AT5: Sale price | AU5: =P18 -> 720377.4
A6: 3 | B6: ='Analysis Worksheet'!C64 -> 0.02 | C6: =(C5*B6)+C5 -> 28715.04 | D6: ='Analysis Worksheet'!C34 -> 0 | E6: =C6-(C6*D6) -> 28715.04 | F6: ='Analysis Worksheet'!C63 -> 0.02 | G6: =(G5*F5)+G5 -> 8772.6528 | H6: =E6-G6 -> 19942.387 | I6: ='Loan Amortization'!H50+'Loan Amortization 2nd Loan'!H50 -> 3988.8371 | J6: =I6+J5 -> 11195.525 | K6: =H6-'Analysis Worksheet'!G25 -> -6382.6482 | L6: =P5 -> 432640 | M6: ='Analysis Worksheet'!C65 -> 0.04 | N6: =L6*(1+M6)-L6 -> 17305.6 | O6: =N6+O5 -> 49945.6 | P6: =L6+N6 -> 449945.6 | Q6: =P6*0.08 -> 35995.648 | R6: ='Loan Amortization'!G50 -> 303335.76 | S6: ='Loan Amortization 2nd Loan'!G50 -> 19068.719 | T6: =P6-R6-S6 -> 127541.12 | U6: =U5+K6 -> -20313.359 | V6: ='Analysis Worksheet'!F15 -> 64280 | W6: =I6+N6+K6 -> 14911.789 | X6: =H6/'Analysis Worksheet'!F6 -> 0.049855968 | Y6: =W6/V6 -> 0.23198178 | Z6: =K6/V6 -> -0.099294465 | AA6: =W6/T6 -> 0.1169175 | AB6: =J6+O6+U6 -> 40827.766 | AC6: =AB6/V6 -> 0.63515504 | AD6: =J6+O6+U6-Q6 -> 4832.1178 | AE6: =AD6/V6 -> 0.075172958 | AH6: minus COS | AI6: =AI5*0.08 -> 33280 | AJ6: =K5 -> -6773.6754 | AK6: yr2 | AL6: minus COS | AM6: =Q9 -> 40490.209 | AN6: =K5 -> -6773.6754 | AO6: yr2 | AP6: minus COS | AQ6: =Q14 -> 49262.53 | AR6: =K5 -> -6773.6754 | AS6: yr2 | AT6: minus COS | AU6: =Q18 -> 57630.192
A7: 4 | B7: ='Analysis Worksheet'!C64 -> 0.02 | C7: =(C6*B7)+C6 -> 29289.341 | D7: ='Analysis Worksheet'!C34 -> 0 | E7: =C7-(C7*D7) -> 29289.341 | F7: ='Analysis Worksheet'!C63 -> 0.02 | G7: =(G6*F6)+G6 -> 8948.1059 | H7: =E7-G7 -> 20341.235 | I7: ='Loan Amortization'!H62+'Loan Amortization 2nd Loan'!H62 -> 4270.3018 | J7: =I7+J6 -> 15465.827 | K7: =H7-'Analysis Worksheet'!G25 -> -5983.8004 | L7: =P6 -> 449945.6 | M7: ='Analysis Worksheet'!C65 -> 0.04 | N7: =L7*(1+M7)-L7 -> 17997.824 | O7: =N7+O6 -> 67943.424 | P7: =L7+N7 -> 467943.42 | Q7: =P7*0.08 -> 37435.474 | R7: ='Loan Amortization'!G62 -> 299408.17 | S7: ='Loan Amortization 2nd Loan'!G62 -> 18726 | T7: =P7-R7-S7 -> 149809.25 | U7: =U6+K7 -> -26297.159 | V7: ='Analysis Worksheet'!F15 -> 64280 | W7: =I7+N7+K7 -> 16284.325 | X7: =H7/'Analysis Worksheet'!F6 -> 0.050853087 | Y7: =W7/V7 -> 0.25333425 | Z7: =K7/V7 -> -0.093089615 | AA7: =W7/T7 -> 0.1087004 | AB7: =J7+O7+U7 -> 57112.091 | AC7: =AB7/V7 -> 0.88848928 | AD7: =J7+O7+U7-Q7 -> 19676.617 | AE7: =AD7/V7 -> 0.30610792 | AH7: Net | AI7: =AI5-AI6-R4-S4 -> 52600.653 | AJ7: =K6 -> -6382.6482 | AK7: yr3 | AL7: Net | AM7: =AM5-AM6-R8-S8 -> 132608.54 | AN7: =K6 -> -6382.6482 | AO7: yr3 | AP7: Net | AQ7: =AQ5-AQ6-R13-S13 -> 257459.14 | AR7: =K6 -> -6382.6482 | AS7: yr3 | AT7: Net | AU7: =AU5-AU6-R18-S18 -> 417047.26
A8: 5 | B8: ='Analysis Worksheet'!C64 -> 0.02 | C8: =(C7*B8)+C7 -> 29875.128 | D8: ='Analysis Worksheet'!C34 -> 0 | E8: =C8-(C8*D8) -> 29875.128 | F8: ='Analysis Worksheet'!C63 -> 0.02 | G8: =(G7*F7)+G7 -> 9127.068 | H8: =E8-G8 -> 20748.06 | I8: ='Loan Amortization'!H74+'Loan Amortization 2nd Loan'!H74 -> 4571.7612 | J8: =I8+J7 -> 20037.588 | K8: =H8-'Analysis Worksheet'!G25 -> -5576.9758 | L8: =P7 -> 467943.42 | M8: ='Analysis Worksheet'!C65 -> 0.04 | N8: =L8*(1+M8)-L8 -> 18717.737 | O8: =N8+O7 -> 86661.161 | P8: =L8+N8 -> 486661.16 | Q8: =P8*0.08 -> 38932.893 | R8: ='Loan Amortization'!G74 -> 295196.67 | S8: ='Loan Amortization 2nd Loan'!G74 -> 18365.746 | T8: =P8-R8-S8 -> 173098.75 | U8: =U7+K8 -> -31874.135 | V8: ='Analysis Worksheet'!F15 -> 64280 | W8: =I8+N8+K8 -> 17712.522 | X8: =H8/'Analysis Worksheet'!F6 -> 0.051870149 | Y8: =W8/V8 -> 0.27555262 | Z8: =K8/V8 -> -0.086760668 | AA8: =W8/T8 -> 0.10232611 | AB8: =J8+O8+U8 -> 74824.614 | AC8: =AB8/V8 -> 1.1640419 | AD8: =J8+O8+U8-Q8 -> 35891.721 | AE8: =AD8/V8 -> 0.55836529 | AJ8: =K7 -> -5983.8004 | AK8: yr4 | AN8: =K7 -> -5983.8004 | AO8: yr4 | AR8: =K7 -> -5983.8004 | AS8: yr4
A9: 6 | B9: ='Analysis Worksheet'!C64 -> 0.02 | C9: =(C8*B9)+C8 -> 30472.63 | D9: ='Analysis Worksheet'!C34 -> 0 | E9: =C9-(C9*D9) -> 30472.63 | F9: ='Analysis Worksheet'!C63 -> 0.02 | G9: =(G8*F8)+G8 -> 9309.6093 | H9: =E9-G9 -> 21163.021 | I9: ='Loan Amortization'!H86+'Loan Amortization 2nd Loan'!H86 -> 4894.6427 | J9: =I9+J8 -> 24932.231 | K9: =H9-'Analysis Worksheet'!G25 -> -5162.0146 | L9: =P8 -> 486661.16 | M9: ='Analysis Worksheet'!C65 -> 0.04 | N9: =L9*(1+M9)-L9 -> 19466.446 | O9: =N9+O8 -> 106127.61 | P9: =L9+N9 -> 506127.61 | Q9: =P9*0.08 -> 40490.209 | R9: ='Loan Amortization'!G86 -> 290680.71 | S9: ='Loan Amortization 2nd Loan'!G86 -> 17987.062 | T9: =P9-R9-S9 -> 197459.84 | U9: =U8+K9 -> -37036.15 | V9: ='Analysis Worksheet'!F15 -> 64280 | W9: =I9+N9+K9 -> 19199.075 | X9: =H9/'Analysis Worksheet'!F6 -> 0.052907552 | Y9: =W9/V9 -> 0.29867882 | Z9: =K9/V9 -> -0.080305142 | AA9: =W9/T9 -> 0.097230276 | AB9: =J9+O9+U9 -> 94023.688 | AC9: =AB9/V9 -> 1.4627207 | AD9: =J9+O9+U9-Q9 -> 53533.48 | AE9: =AD9/V9 -> 0.83281704 | AJ9: =K8+AM7 -> 127031.56 | AK9: yr5 plus net | AN9: =K8 -> -5576.9758 | AO9: yr5 | AR9: =K8 -> -5576.9758 | AS9: yr5
A10: 7 | B10: ='Analysis Worksheet'!C64 -> 0.02 | C10: =(C9*B10)+C9 -> 31082.083 | D10: ='Analysis Worksheet'!C34 -> 0 | E10: =C10-(C10*D10) -> 31082.083 | F10: ='Analysis Worksheet'!C63 -> 0.02 | G10: =(G9*F9)+G9 -> 9495.8015 | H10: =E10-G10 -> 21586.281 | I10: ='Loan Amortization'!H98+'Loan Amortization 2nd Loan'!H98 -> 5240.4759 | J10: =I10+J9 -> 30172.706 | K10: =H10-'Analysis Worksheet'!G25 -> -4738.7541 | L10: =P9 -> 506127.61 | M10: ='Analysis Worksheet'!C65 -> 0.04 | N10: =L10*(1+M10)-L10 -> 20245.104 | O10: =N10+O9 -> 126372.71 | P10: =L10+N10 -> 526372.71 | Q10: =P10*0.08 -> 42109.817 | R10: ='Loan Amortization'!G98 -> 285838.29 | S10: ='Loan Amortization 2nd Loan'!G98 -> 17589.003 | T10: =P10-R10-S10 -> 222945.42 | U10: =U9+K10 -> -41774.904 | V10: ='Analysis Worksheet'!F15 -> 64280 | W10: =I10+N10+K10 -> 20746.826 | X10: =H10/'Analysis Worksheet'!F6 -> 0.053965703 | Y10: =W10/V10 -> 0.3227571 | Z10: =K10/V10 -> -0.073720506 | AA10: =W10/T10 -> 0.093057872 | AB10: =J10+O10+U10 -> 114770.51 | AC10: =AB10/V10 -> 1.7854778 | AD10: =J10+O10+U10-Q10 -> 72660.697 | AE10: =AD10/V10 -> 1.130378 | AN10: =K9 -> -5162.0146 | AO10: yr6 | AR10: =K9 -> -5162.0146 | AS10: yr6
A11: 8 | B11: ='Analysis Worksheet'!C64 -> 0.02 | C11: =(C10*B11)+C10 -> 31703.724 | D11: ='Analysis Worksheet'!C34 -> 0 | E11: =C11-(C11*D11) -> 31703.724 | F11: ='Analysis Worksheet'!C63 -> 0.02 | G11: =(G10*F10)+G10 -> 9685.7175 | H11: =E11-G11 -> 22018.007 | I11: ='Loan Amortization'!H110+'Loan Amortization 2nd Loan'!H110 -> 5610.9001 | J11: =I11+J10 -> 35783.607 | K11: =H11-'Analysis Worksheet'!G25 -> -4307.0285 | L11: =P10 -> 526372.71 | M11: ='Analysis Worksheet'!C65 -> 0.04 | N11: =L11*(1+M11)-L11 -> 21054.908 | O11: =N11+O10 -> 147427.62 | P11: =L11+N11 -> 547427.62 | Q11: =P11*0.08 -> 43794.21 | R11: ='Loan Amortization'!G110 -> 280645.81 | S11: ='Loan Amortization 2nd Loan'!G110 -> 17170.579 | T11: =P11-R11-S11 -> 249611.23 | U11: =U10+K11 -> -46081.932 | V11: ='Analysis Worksheet'!F15 -> 64280 | W11: =I11+N11+K11 -> 22358.78 | X11: =H11/'Analysis Worksheet'!F6 -> 0.055045017 | Y11: =W11/V11 -> 0.34783416 | Z11: =K11/V11 -> -0.067004177 | AA11: =W11/T11 -> 0.089574417 | AB11: =J11+O11+U11 -> 137129.29 | AC11: =AB11/V11 -> 2.133312 | AD11: =J11+O11+U11-Q11 -> 93335.085 | AE11: =AD11/V11 -> 1.4520082 | AN11: =K10 -> -4738.7541 | AO11: yr7 | AR11: =K10 -> -4738.7541 | AS11: yr7
A12: 9 | B12: ='Analysis Worksheet'!C64 -> 0.02 | C12: =(C11*B12)+C11 -> 32337.799 | D12: ='Analysis Worksheet'!C34 -> 0 | E12: =C12-(C12*D12) -> 32337.799 | F12: ='Analysis Worksheet'!C63 -> 0.02 | G12: =(G11*F11)+G11 -> 9879.4319 | H12: =E12-G12 -> 22458.367 | I12: ='Loan Amortization'!H122+'Loan Amortization 2nd Loan'!H122 -> 6007.672 | J12: =I12+J11 -> 41791.279 | K12: =H12-'Analysis Worksheet'!G25 -> -3866.6684 | L12: =P11 -> 547427.62 | M12: ='Analysis Worksheet'!C65 -> 0.04 | N12: =L12*(1+M12)-L12 -> 21897.105 | O12: =N12+O11 -> 169324.72 | P12: =L12+N12 -> 569324.72 | Q12: =P12*0.08 -> 45545.978 | R12: ='Loan Amortization'!G122 -> 275077.97 | S12: ='Loan Amortization 2nd Loan'!G122 -> 16730.747 | T12: =P12-R12-S12 -> 277516 | U12: =U11+K12 -> -49948.601 | V12: ='Analysis Worksheet'!F15 -> 64280 | W12: =I12+N12+K12 -> 24038.108 | X12: =H12/'Analysis Worksheet'!F6 -> 0.056145918 | Y12: =W12/V12 -> 0.37395937 | Z12: =K12/V12 -> -0.060153522 | AA12: =W12/T12 -> 0.086618819 | AB12: =J12+O12+U12 -> 161167.4 | AC12: =AB12/V12 -> 2.5072714 | AD12: =J12+O12+U12-Q12 -> 115621.42 | AE12: =AD12/V12 -> 1.7987154 | AN12: =K11 -> -4307.0285 | AO12: yr8 | AR12: =K11 -> -4307.0285 | AS12: yr8
A13: 10 | B13: ='Analysis Worksheet'!C64 -> 0.02 | C13: =(C12*B13)+C12 -> 32984.555 | D13: ='Analysis Worksheet'!C34 -> 0 | E13: =C13-(C13*D13) -> 32984.555 | F13: ='Analysis Worksheet'!C63 -> 0.02 | G13: =(G12*F12)+G12 -> 10077.021 | H13: =E13-G13 -> 22907.534 | I13: ='Loan Amortization'!H134+'Loan Amortization 2nd Loan'!H134 -> 6432.6742 | J13: =I13+J12 -> 48223.953 | K13: =H13-'Analysis Worksheet'!G25 -> -3417.501 | L13: =P12 -> 569324.72 | M13: ='Analysis Worksheet'!C65 -> 0.04 | N13: =L13*(1+M13)-L13 -> 22772.989 | O13: =N13+O12 -> 192097.71 | P13: =L13+N13 -> 592097.71 | Q13: =P13*0.08 -> 47367.817 | R13: ='Loan Amortization'!G134 -> 269107.63 | S13: ='Loan Amortization 2nd Loan'!G134 -> 16268.413 | T13: =P13-R13-S13 -> 306721.67 | U13: =U12+K13 -> -53366.102 | V13: ='Analysis Worksheet'!F15 -> 64280 | W13: =I13+N13+K13 -> 25788.162 | X13: =H13/'Analysis Worksheet'!F6 -> 0.057268836 | Y13: =W13/V13 -> 0.40118485 | Z13: =K13/V13 -> -0.053165853 | AA13: =W13/T13 -> 0.084076754 | AB13: =J13+O13+U13 -> 186955.56 | AC13: =AB13/V13 -> 2.9084562 | AD13: =J13+O13+U13-Q13 -> 139587.75 | AE13: =AD13/V13 -> 2.171558 | AN13: =K12 -> -3866.6684 | AO13: yr9 | AR13: =K12 -> -3866.6684 | AS13: yr9
A14: 11 | B14: ='Analysis Worksheet'!C64 -> 0.02 | C14: =(C13*B14)+C13 -> 33644.246 | D14: ='Analysis Worksheet'!C34 -> 0 | E14: =C14-(C14*D14) -> 33644.246 | F14: ='Analysis Worksheet'!C63 -> 0.02 | G14: =(G13*F13)+G13 -> 10278.561 | H14: =E14-G14 -> 23365.685 | I14: ='Loan Amortization'!H146+'Loan Amortization 2nd Loan'!H146 -> 6887.9245 | J14: =I14+J13 -> 55111.877 | K14: =H14-'Analysis Worksheet'!G25 -> -2959.3504 | L14: =P13 -> 592097.71 | M14: ='Analysis Worksheet'!C65 -> 0.04 | N14: =L14*(1+M14)-L14 -> 23683.909 | O14: =N14+O13 -> 215781.62 | P14: =L14+N14 -> 615781.62 | Q14: =P14*0.08 -> 49262.53 | R14: ='Loan Amortization'!G146 -> 262705.7 | S14: ='Loan Amortization 2nd Loan'!G146 -> 15782.425 | T14: =P14-R14-S14 -> 337293.5 | U14: =U13+K14 -> -56325.452 | V14: ='Analysis Worksheet'!F15 -> 64280 | W14: =I14+N14+K14 -> 27612.483 | X14: =H14/'Analysis Worksheet'!F6 -> 0.058414213 | Y14: =W14/V14 -> 0.42956569 | Z14: =K14/V14 -> -0.046038431 | AA14: =W14/T14 -> 0.081864853 | AB14: =J14+O14+U14 -> 214568.05 | AC14: =AB14/V14 -> 3.3380219 | AD14: =J14+O14+U14-Q14 -> 165305.52 | AE14: =AD14/V14 -> 2.5716478 | AN14: =K13+AQ7 -> 254041.64 | AO14: yr10 plus net | AR14: =K13 -> -3417.501 | AS14: yr10
A15: 12 | B15: ='Analysis Worksheet'!C64 -> 0.02 | C15: =(C14*B15)+C14 -> 34317.131 | D15: ='Analysis Worksheet'!C34 -> 0 | E15: =C15-(C15*D15) -> 34317.131 | F15: ='Analysis Worksheet'!C63 -> 0.02 | G15: =(G14*F14)+G14 -> 10484.132 | H15: =E15-G15 -> 23832.999 | I15: ='Loan Amortization'!H158+'Loan Amortization 2nd Loan'!H158 -> 7375.5851 | J15: =I15+J14 -> 62487.462 | K15: =H15-'Analysis Worksheet'!G25 -> -2492.0367 | L15: =P14 -> 615781.62 | M15: ='Analysis Worksheet'!C65 -> 0.04 | N15: =L15*(1+M15)-L15 -> 24631.265 | O15: =N15+O14 -> 240412.89 | P15: =L15+N15 -> 640412.89 | Q15: =P15*0.08 -> 51233.031 | R15: ='Loan Amortization'!G158 -> 255840.97 | S15: ='Loan Amortization 2nd Loan'!G158 -> 15271.573 | T15: =P15-R15-S15 -> 369300.35 | U15: =U14+K15 -> -58817.489 | V15: ='Analysis Worksheet'!F15 -> 64280 | W15: =I15+N15+K15 -> 29514.813 | X15: =H15/'Analysis Worksheet'!F6 -> 0.059582497 | Y15: =W15/V15 -> 0.45916013 | Z15: =K15/V15 -> -0.038768461 | AA15: =W15/T15 -> 0.079920892 | AB15: =J15+O15+U15 -> 244082.86 | AC15: =AB15/V15 -> 3.797182 | AD15: =J15+O15+U15-Q15 -> 192849.83 | AE15: =AD15/V15 -> 3.0001529 | AR15: =K14 -> -2959.3504 | AS15: yr11
A16: 13 | B16: ='Analysis Worksheet'!C64 -> 0.02 | C16: =(C15*B16)+C15 -> 35003.474 | D16: ='Analysis Worksheet'!C34 -> 0 | E16: =C16-(C16*D16) -> 35003.474 | F16: ='Analysis Worksheet'!C63 -> 0.02 | G16: =(G15*F15)+G15 -> 10693.815 | H16: =E16-G16 -> 24309.659 | I16: ='Loan Amortization'!H170+'Loan Amortization 2nd Loan'!H170 -> 7897.9733 | J16: =I16+J15 -> 70385.436 | K16: =H16-'Analysis Worksheet'!G25 -> -2015.3767 | L16: =P15 -> 640412.89 | M16: ='Analysis Worksheet'!C65 -> 0.04 | N16: =L16*(1+M16)-L16 -> 25616.515 | O16: =N16+O15 -> 266029.4 | P16: =L16+N16 -> 666029.4 | Q16: =P16*0.08 -> 53282.352 | R16: ='Loan Amortization'!G170 -> 248479.98 | S16: ='Loan Amortization 2nd Loan'!G170 -> 14734.584 | T16: =P16-R16-S16 -> 402814.84 | U16: =U15+K16 -> -60832.865 | V16: ='Analysis Worksheet'!F15 -> 64280 | W16: =I16+N16+K16 -> 31499.112 | X16: =H16/'Analysis Worksheet'!F6 -> 0.060774147 | Y16: =W16/V16 -> 0.49002975 | Z16: =K16/V16 -> -0.031353091 | AA16: =W16/T16 -> 0.078197497 | AB16: =J16+O16+U16 -> 275581.97 | AC16: =AB16/V16 -> 4.2872118 | AD16: =J16+O16+U16-Q16 -> 222299.62 | AE16: =AD16/V16 -> 3.4583015 | AR16: =K15 -> -2492.0367 | AS16: yr12
A17: 14 | B17: ='Analysis Worksheet'!C64 -> 0.02 | C17: =(C16*B17)+C16 -> 35703.543 | D17: ='Analysis Worksheet'!C34 -> 0 | E17: =C17-(C17*D17) -> 35703.543 | F17: ='Analysis Worksheet'!C63 -> 0.02 | G17: =(G16*F16)+G16 -> 10907.691 | H17: =E17-G17 -> 24795.852 | I17: ='Loan Amortization'!H182+'Loan Amortization 2nd Loan'!H182 -> 8457.5729 | J17: =I17+J16 -> 78843.008 | K17: =H17-'Analysis Worksheet'!G25 -> -1529.1835 | L17: =P16 -> 666029.4 | M17: ='Analysis Worksheet'!C65 -> 0.04 | N17: =L17*(1+M17)-L17 -> 26641.176 | O17: =N17+O16 -> 292670.58 | P17: =L17+N17 -> 692670.58 | Q17: =P17*0.08 -> 55413.646 | R17: ='Loan Amortization'!G182 -> 240586.87 | S17: ='Loan Amortization 2nd Loan'!G182 -> 14170.122 | T17: =P17-R17-S17 -> 437913.59 | U17: =U16+K17 -> -62362.049 | V17: ='Analysis Worksheet'!F15 -> 64280 | W17: =I17+N17+K17 -> 33569.565 | X17: =H17/'Analysis Worksheet'!F6 -> 0.06198963 | Y17: =W17/V17 -> 0.52223966 | Z17: =K17/V17 -> -0.023789414 | AA17: =W17/T17 -> 0.076657967 | AB17: =J17+O17+U17 -> 309151.54 | AC17: =AB17/V17 -> 4.8094514 | AD17: =J17+O17+U17-Q17 -> 253737.89 | AE17: =AD17/V17 -> 3.9473848 | AR17: =K16 -> -2015.3767 | AS17: yr13
A18: 15 | B18: ='Analysis Worksheet'!C64 -> 0.02 | C18: =(C17*B18)+C17 -> 36417.614 | D18: ='Analysis Worksheet'!C34 -> 0 | E18: =C18-(C18*D18) -> 36417.614 | F18: ='Analysis Worksheet'!C63 -> 0.02 | G18: =(G17*F17)+G17 -> 11125.845 | H18: =E18-G18 -> 25291.769 | I18: ='Loan Amortization'!H194+'Loan Amortization 2nd Loan'!H194 -> 9057.0454 | J18: =I18+J17 -> 87900.054 | K18: =H18-'Analysis Worksheet'!G25 -> -1033.2665 | L18: =P17 -> 692670.58 | M18: ='Analysis Worksheet'!C65 -> 0.04 | N18: =L18*(1+M18)-L18 -> 27706.823 | O18: =N18+O17 -> 320377.4 | P18: =L18+N18 -> 720377.4 | Q18: =P18*0.08 -> 57630.192 | R18: ='Loan Amortization'!G194 -> 232123.16 | S18: ='Loan Amortization 2nd Loan'!G194 -> 13576.782 | T18: =P18-R18-S18 -> 474677.46 | U18: =U17+K18 -> -63395.315 | V18: ='Analysis Worksheet'!F15 -> 64280 | W18: =I18+N18+K18 -> 35730.602 | X18: =H18/'Analysis Worksheet'!F6 -> 0.063229422 | Y18: =W18/V18 -> 0.55585878 | Z18: =K18/V18 -> -0.016074463 | AA18: =W18/T18 -> 0.075273434 | AB18: =J18+O18+U18 -> 344882.14 | AC18: =AB18/V18 -> 5.3653102 | AD18: =J18+O18+U18-Q18 -> 287251.95 | AE18: =AD18/V18 -> 4.4687609 | AR18: =K17 -> -1529.1835 | AS18: yr14
A19: 16 | B19: ='Analysis Worksheet'!C64 -> 0.02 | C19: =(C18*B19)+C18 -> 37145.966 | D19: ='Analysis Worksheet'!C34 -> 0 | E19: =C19-(C19*D19) -> 37145.966 | F19: ='Analysis Worksheet'!C63 -> 0.02 | G19: =(G18*F18)+G18 -> 11348.362 | H19: =E19-G19 -> 25797.604 | I19: ='Loan Amortization'!H206+'Loan Amortization 2nd Loan'!H206 -> 9699.2438 | J19: =I19+J18 -> 97599.298 | K19: =H19-'Analysis Worksheet'!G25 -> -527.43108 | L19: =P18 -> 720377.4 | M19: ='Analysis Worksheet'!C65 -> 0.04 | N19: =L19*(1+M19)-L19 -> 28815.096 | O19: =N19+O18 -> 349192.5 | P19: =L19+N19 -> 749192.5 | Q19: =P19*0.08 -> 59935.4 | R19: ='Loan Amortization'!G206 -> 223047.62 | S19: ='Loan Amortization 2nd Loan'!G206 -> 12953.085 | T19: =P19-R19-S19 -> 513191.8 | U19: =U18+K19 -> -63922.747 | V19: ='Analysis Worksheet'!F15 -> 64280 | W19: =I19+N19+K19 -> 37986.909 | X19: =H19/'Analysis Worksheet'!F6 -> 0.064494011 | Y19: =W19/V19 -> 0.59096 | Z19: =K19/V19 -> -0.0082052129 | AA19: =W19/T19 -> 0.074020881 | AB19: =J19+O19+U19 -> 382869.05 | AC19: =AB19/V19 -> 5.9562702 | AD19: =J19+O19+U19-Q19 -> 322933.65 | AE19: =AD19/V19 -> 5.0238589 | AH19: IRR YR 1 | AI19: =+IRR(AF4:AF5) -> -0.29303645 | AL19: IRR YR 5 | AM19: =IRR(AJ4:AJ9) -> 0.080784516 | AP19: IRR YR 10 | AQ19: =IRR(AN4:AN14) -> 0.10028525 | AR19: =K18+AU7 -> 416014 | AS19: yr15 plus net | AT19: IRR YR 15 | AU19: =IRR(AR4:AR19) -> 0.098129781
A20: 17 | B20: ='Analysis Worksheet'!C64 -> 0.02 | C20: =(C19*B20)+C19 -> 37888.885 | D20: ='Analysis Worksheet'!C34 -> 0 | E20: =C20-(C20*D20) -> 37888.885 | F20: ='Analysis Worksheet'!C63 -> 0.02 | G20: =(G19*F19)+G19 -> 11575.329 | H20: =E20-G20 -> 26313.556 | I20: ='Loan Amortization'!H218+'Loan Amortization 2nd Loan'!H218 -> 10387.225 | J20: =I20+J19 -> 107986.52 | K20: =H20-'Analysis Worksheet'!G25 -> -11.478999 | L20: =P19 -> 749192.5 | M20: ='Analysis Worksheet'!C65 -> 0.04 | N20: =L20*(1+M20)-L20 -> 29967.7 | O20: =N20+O19 -> 379160.2 | P20: =L20+N20 -> 779160.2 | Q20: =P20*0.08 -> 62332.816 | R20: ='Loan Amortization'!G218 -> 213316 | S20: ='Loan Amortization 2nd Loan'!G218 -> 12297.478 | T20: =P20-R20-S20 -> 553546.72 | U20: =U19+K20 -> -63934.226 | V20: ='Analysis Worksheet'!F15 -> 64280 | W20: =I20+N20+K20 -> 40343.446 | X20: =H20/'Analysis Worksheet'!F6 -> 0.065783891 | Y20: =W20/V20 -> 0.62762051 | Z20: =K20/V20 -> -0.00017857807 | AA20: =W20/T20 -> 0.072881736 | AB20: =J20+O20+U20 -> 423212.5 | AC20: =AB20/V20 -> 6.5838907 | AD20: =J20+O20+U20-Q20 -> 360879.68 | AE20: =AD20/V20 -> 5.6141829
A21: 18 | B21: ='Analysis Worksheet'!C64 -> 0.02 | C21: =(C20*B21)+C20 -> 38646.663 | D21: ='Analysis Worksheet'!C34 -> 0 | E21: =C21-(C21*D21) -> 38646.663 | F21: ='Analysis Worksheet'!C63 -> 0.02 | G21: =(G20*F20)+G20 -> 11806.836 | H21: =E21-G21 -> 26839.828 | I21: ='Loan Amortization'!H230+'Loan Amortization 2nd Loan'!H230 -> 11124.267 | J21: =I21+J20 -> 119110.79 | K21: =H21-'Analysis Worksheet'!G25 -> 514.79213 | L21: =P20 -> 779160.2 | M21: ='Analysis Worksheet'!C65 -> 0.04 | N21: =L21*(1+M21)-L21 -> 31166.408 | O21: =N21+O20 -> 410326.61 | P21: =L21+N21 -> 810326.61 | Q21: =P21*0.08 -> 64826.128 | R21: ='Loan Amortization'!G230 -> 202880.88 | S21: ='Loan Amortization 2nd Loan'!G230 -> 11608.329 | T21: =P21-R21-S21 -> 595837.4 | U21: =U20+K21 -> -63419.433 | V21: ='Analysis Worksheet'!F15 -> 64280 | W21: =I21+N21+K21 -> 42805.467 | X21: =H21/'Analysis Worksheet'!F6 -> 0.067099569 | Y21: =W21/V21 -> 0.66592201 | Z21: =K21/V21 -> 0.0080085894 | AA21: =W21/T21 -> 0.071840853 | AB21: =J21+O21+U21 -> 466017.96 | AC21: =AB21/V21 -> 7.2498127 | AD21: =J21+O21+U21-Q21 -> 401191.83 | AE21: =AD21/V21 -> 6.2413166 | AH21: MIRR | AI21: =MIRR(AF4:AF5,'Analysis Worksheet'!F12,0.04) -> -0.29303645 | AL21: MIRR | AM21: =MIRR(AN4:AN14,0.04,0.02) -> 0.090988232 | AP21: MIRR | AQ21: =MIRR(AN4:AN14,'Analysis Worksheet'!$F$12,0.04) -> 0.095935922 | AT21: MIRR | AU21: =MIRR(AR4:AR19,'Analysis Worksheet'!$F$12,0.04) -> 0.094534479
A22: 19 | B22: ='Analysis Worksheet'!C64 -> 0.02 | C22: =(C21*B22)+C21 -> 39419.596 | D22: ='Analysis Worksheet'!C34 -> 0 | E22: =C22-(C22*D22) -> 39419.596 | F22: ='Analysis Worksheet'!C63 -> 0.02 | G22: =(G21*F21)+G21 -> 12042.972 | H22: =E22-G22 -> 27376.624 | I22: ='Loan Amortization'!H242+'Loan Amortization 2nd Loan'!H242 -> 11913.881 | J22: =I22+J21 -> 131024.67 | K22: =H22-'Analysis Worksheet'!G25 -> 1051.5887 | L22: =P21 -> 810326.61 | M22: ='Analysis Worksheet'!C65 -> 0.04 | N22: =L22*(1+M22)-L22 -> 32413.064 | O22: =N22+O21 -> 442739.67 | P22: =L22+N22 -> 842739.67 | Q22: =P22*0.08 -> 67419.174 | R22: ='Loan Amortization'!G242 -> 191691.41 | S22: ='Loan Amortization 2nd Loan'!G242 -> 10883.922 | T22: =P22-R22-S22 -> 640164.34 | U22: =U21+K22 -> -62367.845 | V22: ='Analysis Worksheet'!F15 -> 64280 | W22: =I22+N22+K22 -> 45378.533 | X22: =H22/'Analysis Worksheet'!F6 -> 0.06844156 | Y22: =W22/V22 -> 0.70595105 | Z22: =K22/V22 -> 0.0163595 | AA22: =W22/T22 -> 0.070885756 | AB22: =J22+O22+U22 -> 511396.5 | AC22: =AB22/V22 -> 7.9557638 | AD22: =J22+O22+U22-Q22 -> 443977.32 | AE22: =AD22/V22 -> 6.9069279
A23: 20 | B23: ='Analysis Worksheet'!C64 -> 0.02 | C23: =(C22*B23)+C22 -> 40207.988 | D23: ='Analysis Worksheet'!C34 -> 0 | E23: =C23-(C23*D23) -> 40207.988 | F23: ='Analysis Worksheet'!C63 -> 0.02 | G23: =(G22*F22)+G22 -> 12283.832 | H23: =E23-G23 -> 27924.157 | I23: ='Loan Amortization'!H254+'Loan Amortization 2nd Loan'!H266 -> 12798.789 | J23: =I23+J22 -> 143823.46 | K23: =H23-'Analysis Worksheet'!G25 -> 1599.1212 | L23: =P22 -> 842739.67 | M23: ='Analysis Worksheet'!C65 -> 0.04 | N23: =L23*(1+M23)-L23 -> 33709.587 | O23: =N23+O22 -> 476449.26 | P23: =L23+N23 -> 876449.26 | Q23: =P23*0.08 -> 70115.941 | R23: ='Loan Amortization'!G254 -> 179693.05 | S23: ='Loan Amortization 2nd Loan'!G254 -> 10122.454 | T23: =P23-R23-S23 -> 686633.76 | U23: =U22+K23 -> -60768.724 | V23: ='Analysis Worksheet'!F15 -> 64280 | W23: =I23+N23+K23 -> 48107.497 | X23: =H23/'Analysis Worksheet'!F6 -> 0.069810391 | Y23: =W23/V23 -> 0.74840536 | Z23: =K23/V23 -> 0.024877429 | AA23: =W23/T23 -> 0.070062819 | AB23: =J23+O23+U23 -> 559503.99 | AC23: =AB23/V23 -> 8.7041691 | AD23: =J23+O23+U23-Q23 -> 489388.05 | AE23: =AD23/V23 -> 7.6133798
A24: 21 | B24: ='Analysis Worksheet'!C64 -> 0.02 | C24: =(C23*B24)+C23 -> 41012.148 | D24: ='Analysis Worksheet'!C34 -> 0 | E24: =C24-(C24*D24) -> 41012.148 | F24: ='Analysis Worksheet'!C63 -> 0.02 | G24: =(G23*F23)+G23 -> 12529.508 | H24: =E24-G24 -> 28482.64 | I24: ='Loan Amortization'!H266+'Loan Amortization 2nd Loan'!H266 -> 13666.151 | J24: =I24+J23 -> 157489.61 | K24: =H24-'Analysis Worksheet'!G25 -> 2157.6043 | L24: =P23 -> 876449.26 | M24: ='Analysis Worksheet'!C65 -> 0.04 | N24: =L24*(1+M24)-L24 -> 35057.97 | O24: =N24+O23 -> 511507.23 | P24: =L24+N24 -> 911507.23 | Q24: =P24*0.08 -> 72920.578 | R24: ='Loan Amortization'!G266 -> 166827.32 | S24: ='Loan Amortization 2nd Loan'!G266 -> 9322.0264 | T24: =P24-R24-S24 -> 735357.88 | U24: =U23+K24 -> -58611.119 | V24: ='Analysis Worksheet'!F15 -> 64280 | W24: =I24+N24+K24 -> 50881.726 | X24: =H24/'Analysis Worksheet'!F6 -> 0.071206599 | Y24: =W24/V24 -> 0.79156387 | Z24: =K24/V24 -> 0.033565717 | AA24: =W24/T24 -> 0.069193147 | AB24: =J24+O24+U24 -> 610385.72 | AC24: =AB24/V24 -> 9.495733 | AD24: =J24+O24+U24-Q24 -> 537465.14 | AE24: =AD24/V24 -> 8.3613121
A25: 22 | B25: ='Analysis Worksheet'!C64 -> 0.02 | C25: =(C24*B25)+C24 -> 41832.391 | D25: ='Analysis Worksheet'!C34 -> 0 | E25: =C25-(C25*D25) -> 41832.391 | F25: ='Analysis Worksheet'!C63 -> 0.02 | G25: =(G24*F24)+G24 -> 12780.099 | H25: =E25-G25 -> 29052.292 | I25: ='Loan Amortization'!H278+'Loan Amortization 2nd Loan'!H278 -> 14637.167 | J25: =I25+J24 -> 172126.78 | K25: =H25-'Analysis Worksheet'!G25 -> 2727.2571 | L25: =P24 -> 911507.23 | M25: ='Analysis Worksheet'!C65 -> 0.04 | N25: =L25*(1+M25)-L25 -> 36460.289 | O25: =N25+O24 -> 547967.52 | P25: =L25+N25 -> 947967.52 | Q25: =P25*0.08 -> 75837.401 | R25: ='Loan Amortization'!G278 -> 153031.53 | S25: ='Loan Amortization 2nd Loan'!G278 -> 8480.6479 | T25: =P25-R25-S25 -> 786455.34 | U25: =U24+K25 -> -55883.862 | V25: ='Analysis Worksheet'!F15 -> 64280 | W25: =I25+N25+K25 -> 53824.713 | X25: =H25/'Analysis Worksheet'!F6 -> 0.072630731 | Y25: =W25/V25 -> 0.83734775 | Z25: =K25/V25 -> 0.04242777 | AA25: =W25/T25 -> 0.068439631 | AB25: =J25+O25+U25 -> 664210.43 | AC25: =AB25/V25 -> 10.333081 | AD25: =J25+O25+U25-Q25 -> 588373.03 | AE25: =AD25/V25 -> 9.153283
A26: 23 | B26: ='Analysis Worksheet'!C64 -> 0.02 | C26: =(C25*B26)+C25 -> 42669.039 | D26: ='Analysis Worksheet'!C34 -> 0 | E26: =C26-(C26*D26) -> 42669.039 | F26: ='Analysis Worksheet'!C63 -> 0.02 | G26: =(G25*F25)+G25 -> 13035.701 | H26: =E26-G26 -> 29633.338 | I26: ='Loan Amortization'!H290+'Loan Amortization 2nd Loan'!H290 -> 15677.512 | J26: =I26+J25 -> 187804.29 | K26: =H26-'Analysis Worksheet'!G25 -> 3308.3029 | L26: =P25 -> 947967.52 | M26: ='Analysis Worksheet'!C65 -> 0.04 | N26: =L26*(1+M26)-L26 -> 37918.701 | O26: =N26+O25 -> 585886.22 | P26: =L26+N26 -> 985886.22 | Q26: =P26*0.08 -> 78870.897 | R26: ='Loan Amortization'!G290 -> 138238.45 | S26: ='Loan Amortization 2nd Loan'!G290 -> 7596.223 | T26: =P26-R26-S26 -> 840051.55 | U26: =U25+K26 -> -52575.559 | V26: ='Analysis Worksheet'!F15 -> 64280 | W26: =I26+N26+K26 -> 56904.516 | X26: =H26/'Analysis Worksheet'!F6 -> 0.074083346 | Y26: =W26/V26 -> 0.88526004 | Z26: =K26/V26 -> 0.051467065 | AA26: =W26/T26 -> 0.067739314 | AB26: =J26+O26+U26 -> 721114.95 | AC26: =AB26/V26 -> 11.218341 | AD26: =J26+O26+U26-Q26 -> 642244.05 | AE26: =AD26/V26 -> 9.9913511
A27: 24 | B27: ='Analysis Worksheet'!C64 -> 0.02 | C27: =(C26*B27)+C26 -> 43522.42 | D27: ='Analysis Worksheet'!C34 -> 0 | E27: =C27-(C27*D27) -> 43522.42 | F27: ='Analysis Worksheet'!C63 -> 0.02 | G27: =(G26*F26)+G26 -> 13296.415 | H27: =E27-G27 -> 30226.005 | I27: ='Loan Amortization'!H302+'Loan Amortization 2nd Loan'!H302 -> 16792.154 | J27: =I27+J26 -> 204596.44 | K27: =H27-'Analysis Worksheet'!G25 -> 3900.9697 | L27: =P26 -> 985886.22 | M27: ='Analysis Worksheet'!C65 -> 0.04 | N27: =L27*(1+M27)-L27 -> 39435.449 | O27: =N27+O26 -> 625321.67 | P27: =L27+N27 -> 1025321.7 | Q27: =P27*0.08 -> 82025.733 | R27: ='Loan Amortization'!G302 -> 122375.97 | S27: ='Loan Amortization 2nd Loan'!G302 -> 6666.5491 | T27: =P27-R27-S27 -> 896279.15 | U27: =U26+K27 -> -48674.59 | V27: ='Analysis Worksheet'!F15 -> 64280 | W27: =I27+N27+K27 -> 60128.573 | X27: =H27/'Analysis Worksheet'!F6 -> 0.075565013 | Y27: =W27/V27 -> 0.9354165 | Z27: =K27/V27 -> 0.060687145 | AA27: =W27/T27 -> 0.067086881 | AB27: =J27+O27+U27 -> 781243.52 | AC27: =AB27/V27 -> 12.153757 | AD27: =J27+O27+U27-Q27 -> 699217.79 | AE27: =AD27/V27 -> 10.877688
A28: 25 | B28: ='Analysis Worksheet'!C64 -> 0.02 | C28: =(C27*B28)+C27 -> 44392.868 | D28: ='Analysis Worksheet'!C34 -> 0 | E28: =C28-(C28*D28) -> 44392.868 | F28: ='Analysis Worksheet'!C63 -> 0.02 | G28: =(G27*F27)+G27 -> 13562.343 | H28: =E28-G28 -> 30830.525 | I28: ='Loan Amortization'!H314+'Loan Amortization 2nd Loan'!H314 -> 17986.418 | J28: =I28+J27 -> 222582.86 | K28: =H28-'Analysis Worksheet'!G25 -> 4505.4898 | L28: =P27 -> 1025321.7 | M28: ='Analysis Worksheet'!C65 -> 0.04 | N28: =L28*(1+M28)-L28 -> 41012.867 | O28: =N28+O27 -> 666334.53 | P28: =L28+N28 -> 1066334.5 | Q28: =P28*0.08 -> 85306.763 | R28: ='Loan Amortization'!G314 -> 105366.78 | S28: ='Loan Amortization 2nd Loan'!G314 -> 5689.3114 | T28: =P28-R28-S28 -> 955278.44 | U28: =U27+K28 -> -44169.1 | V28: ='Analysis Worksheet'!F15 -> 64280 | W28: =I28+N28+K28 -> 63504.775 | X28: =H28/'Analysis Worksheet'!F6 -> 0.077076313 | Y28: =W28/V28 -> 0.98793987 | Z28: =K28/V28 -> 0.070091627 | AA28: =W28/T28 -> 0.066477764 | AB28: =J28+O28+U28 -> 844748.29 | AC28: =AB28/V28 -> 13.141697 | AD28: =J28+O28+U28-Q28 -> 759441.53 | AE28: =AD28/V28 -> 11.814585
A29: 26 | B29: ='Analysis Worksheet'!C64 -> 0.02 | C29: =(C28*B29)+C28 -> 45280.725 | D29: ='Analysis Worksheet'!C34 -> 0 | E29: =C29-(C29*D29) -> 45280.725 | F29: ='Analysis Worksheet'!C63 -> 0.02 | G29: =(G28*F28)+G28 -> 13833.59 | H29: =E29-G29 -> 31447.136 | I29: ='Loan Amortization'!H326+'Loan Amortization 2nd Loan'!H326 -> 19266.011 | J29: =I29+J28 -> 241848.87 | K29: =H29-'Analysis Worksheet'!G25 -> 5122.1003 | L29: =P28 -> 1066334.5 | M29: ='Analysis Worksheet'!C65 -> 0.04 | N29: =L29*(1+M29)-L29 -> 42653.381 | O29: =N29+O28 -> 708987.91 | P29: =L29+N29 -> 1108987.9 | Q29: =P29*0.08 -> 88719.033 | R29: ='Loan Amortization'!G326 -> 87128.009 | S29: ='Loan Amortization 2nd Loan'!G326 -> 4662.0763 | T29: =P29-R29-S29 -> 1017197.8 | U29: =U28+K29 -> -39046.999 | V29: ='Analysis Worksheet'!F15 -> 64280 | W29: =I29+N29+K29 -> 67041.492 | X29: =H29/'Analysis Worksheet'!F6 -> 0.078617839 | Y29: =W29/V29 -> 1.0429604 | Z29: =K29/V29 -> 0.079684199 | AA29: =W29/T29 -> 0.065908017 | AB29: =J29+O29+U29 -> 911789.79 | AC29: =AB29/V29 -> 14.184658 | AD29: =J29+O29+U29-Q29 -> 823070.75 | AE29: =AD29/V29 -> 12.804461
A30: 27 | B30: ='Analysis Worksheet'!C64 -> 0.02 | C30: =(C29*B30)+C29 -> 46186.34 | D30: ='Analysis Worksheet'!C34 -> 0 | E30: =C30-(C30*D30) -> 46186.34 | F30: ='Analysis Worksheet'!C63 -> 0.02 | G30: =(G29*F29)+G29 -> 14110.262 | H30: =E30-G30 -> 32076.078 | I30: ='Loan Amortization'!H338+'Loan Amortization 2nd Loan'!H338 -> 20637.049 | J30: =I30+J29 -> 262485.92 | K30: =H30-'Analysis Worksheet'!G25 -> 5751.043 | L30: =P29 -> 1108987.9 | M30: ='Analysis Worksheet'!C65 -> 0.04 | N30: =L30*(1+M30)-L30 -> 44359.517 | O30: =N30+O29 -> 753347.43 | P30: =L30+N30 -> 1153347.4 | Q30: =P30*0.08 -> 92267.794 | R30: ='Loan Amortization'!G338 -> 67570.751 | S30: ='Loan Amortization 2nd Loan'!G338 -> 3582.286 | T30: =P30-R30-S30 -> 1082194.4 | U30: =U29+K30 -> -33295.956 | V30: ='Analysis Worksheet'!F15 -> 64280 | W30: =I30+N30+K30 -> 70747.608 | X30: =H30/'Analysis Worksheet'!F6 -> 0.080190196 | Y30: =W30/V30 -> 1.1006162 | Z30: =K30/V30 -> 0.089468622 | AA30: =W30/T30 -> 0.065374214 | AB30: =J30+O30+U30 -> 982537.4 | AC30: =AB30/V30 -> 15.285274 | AD30: =J30+O30+U30-Q30 -> 890269.6 | AE30: =AD30/V30 -> 13.849869
A31: 28 | B31: ='Analysis Worksheet'!C64 -> 0.02 | C31: =(C30*B31)+C30 -> 47110.067 | D31: ='Analysis Worksheet'!C34 -> 0 | E31: =C31-(C31*D31) -> 47110.067 | F31: ='Analysis Worksheet'!C63 -> 0.02 | G31: =(G30*F30)+G30 -> 14392.467 | H31: =E31-G31 -> 32717.6 | I31: ='Loan Amortization'!H350+'Loan Amortization 2nd Loan'!H350 -> 22106.088 | J31: =I31+J30 -> 284592.01 | K31: =H31-'Analysis Worksheet'!G25 -> 6392.5646 | L31: =P30 -> 1153347.4 | M31: ='Analysis Worksheet'!C65 -> 0.04 | N31: =L31*(1+M31)-L31 -> 46133.897 | O31: =N31+O30 -> 799481.33 | P31: =L31+N31 -> 1199481.3 | Q31: =P31*0.08 -> 95958.506 | R31: ='Loan Amortization'!G350 -> 46599.697 | S31: ='Loan Amortization 2nd Loan'!G350 -> 2447.2515 | T31: =P31-R31-S31 -> 1150434.4 | U31: =U30+K31 -> -26903.392 | V31: ='Analysis Worksheet'!F15 -> 64280 | W31: =I31+N31+K31 -> 74632.55 | X31: =H31/'Analysis Worksheet'!F6 -> 0.081794 | Y31: =W31/V31 -> 1.161054 | Z31: =K31/V31 -> 0.099448734 | AA31: =W31/T31 -> 0.064873366 | AB31: =J31+O31+U31 -> 1057169.9 | AC31: =AB31/V31 -> 16.446328 | AD31: =J31+O31+U31-Q31 -> 961211.44 | AE31: =AD31/V31 -> 14.953507
A32: 29 | B32: ='Analysis Worksheet'!C64 -> 0.02 | C32: =(C31*B32)+C31 -> 48052.268 | D32: ='Analysis Worksheet'!C34 -> 0 | E32: =C32-(C32*D32) -> 48052.268 | F32: ='Analysis Worksheet'!C63 -> 0.02 | G32: =(G31*F31)+G31 -> 14680.316 | H32: =E32-G32 -> 33371.952 | I32: ='Loan Amortization'!H362+'Loan Amortization 2nd Loan'!H362 -> 23680.158 | J32: =I32+J31 -> 308272.17 | K32: =H32-'Analysis Worksheet'!G25 -> 7046.9166 | L32: =P31 -> 1199481.3 | M32: ='Analysis Worksheet'!C65 -> 0.04 | N32: =L32*(1+M32)-L32 -> 47979.253 | O32: =N32+O31 -> 847460.58 | P32: =L32+N32 -> 1247460.6 | Q32: =P32*0.08 -> 99796.846 | R32: ='Loan Amortization'!G362 -> 24112.644 | S32: ='Loan Amortization 2nd Loan'!G362 -> 1254.1465 | T32: =P32-R32-S32 -> 1222093.8 | U32: =U31+K32 -> -19856.475 | V32: ='Analysis Worksheet'!F15 -> 64280 | W32: =I32+N32+K32 -> 78706.328 | X32: =H32/'Analysis Worksheet'!F6 -> 0.08342988 | Y32: =W32/V32 -> 1.2244295 | Z32: =K32/V32 -> 0.10962845 | AA32: =W32/T32 -> 0.064402854 | AB32: =J32+O32+U32 -> 1135876.3 | AC32: =AB32/V32 -> 17.670757 | AD32: =J32+O32+U32-Q32 -> 1036079.4 | AE32: =AD32/V32 -> 16.118224
A33: 30 | B33: ='Analysis Worksheet'!C64 -> 0.02 | C33: =(C32*B33)+C32 -> 49013.313 | D33: ='Analysis Worksheet'!C34 -> 0 | E33: =C33-(C33*D33) -> 49013.313 | F33: ='Analysis Worksheet'!C63 -> 0.02 | G33: =(G32*F32)+G32 -> 14973.922 | H33: =E33-G33 -> 34039.391 | I33: ='Loan Amortization'!H374+'Loan Amortization 2nd Loan'!H374 -> 25366.791 | J33: =I33+J32 -> 333638.96 | K33: =H33-'Analysis Worksheet'!G25 -> 7714.3556 | L33: =P32 -> 1247460.6 | M33: ='Analysis Worksheet'!C65 -> 0.04 | N33: =L33*(1+M33)-L33 -> 49898.423 | O33: =N33+O32 -> 897359 | P33: =L33+N33 -> 1297359 | Q33: =P33*0.08 -> 103788.72 | R33: ='Loan Amortization'!G374 -> 0 | S33: ='Loan Amortization 2nd Loan'!G374 -> 0 | T33: =P33-R33-S33 -> 1297359 | U33: =U32+K33 -> -12142.12 | V33: ='Analysis Worksheet'!F15 -> 64280 | W33: =I33+N33+K33 -> 82979.569 | X33: =H33/'Analysis Worksheet'!F6 -> 0.085098478 | Y33: =W33/V33 -> 1.290908 | Z33: =K33/V33 -> 0.12001176 | AA33: =W33/T33 -> 0.063960376 | AB33: =J33+O33+U33 -> 1218855.8 | AC33: =AB33/V33 -> 18.961665 | AD33: =J33+O33+U33-Q33 -> 1115067.1 | AE33: =AD33/V33 -> 17.347031
A34: 31 | B34: ='Analysis Worksheet'!C64 -> 0.02 | C34: =(C33*B34)+C33 -> 49993.58 | D34: ='Analysis Worksheet'!C34 -> 0 | E34: =C34-(C34*D34) -> 49993.58 | F34: ='Analysis Worksheet'!C63 -> 0.02 | G34: =(G33*F33)+G33 -> 15273.401 | H34: =E34-G34 -> 34720.179 | I34: ='Interest Calculations'!F365 -> 0 | J34: =I34+J33 -> 333638.96 | K34: =H34-0 -> 34720.179 | L34: =P33 -> 1297359 | M34: ='Analysis Worksheet'!C65 -> 0.04 | N34: =L34*(1+M34)-L34 -> 51894.36 | S34: ='Loan Amortization 2nd Loan'!G386 -> 0
C36: This spreadsheet is a model for informational purposes only. It is not meant nor designed to represent what will happen with regards to interest rates, appreciation, rents or vacancy. It is not meant to be a substitute for your own judgement. Neither the broker nor the agent is responsible for errors.

Sheet Loan Amortization
A1: Loan Data
A2: Original Principal | B2: ='Analysis Worksheet'!F11 -> 313600 | D2: Payoff | E2: =MATCH(0,BalanceRange,0)-1 -> 360
A3: Loan Term (Years) | B3: 30 | D3: Total Interest | E3: =SUM(OFFSET(BalanceRange,0,-3)) -> 313600
A4: Annual Interest Rate | B4: ='Analysis Worksheet'!F12 -> 0.07 | D4: Regular Principal | E4: =SUM(OFFSET(BalanceRange,0,-2)) -> 0
A5: Payments per Year | B5: 12 | D5: Extra Principal | E5: =SUM(OFFSET(BalanceRange,0,-1)) -> 0
A6: Payment | B6: =PMT(B$4/B$5,B$3*B$5,-B$2) -> 2086.3886 | D6: Total Principal | E6: =SUM(E4:E5) -> 0
A7: Additional Principal | B7: ='Analysis Worksheet'!H59 -> 0 | D7: Total Payments | E7: =SUM(E3:E5) -> 313600
D8: Total Savings | E8: =(B3*B5*B6-B2)-(E7-E6) -> 123899.9
A9: Free and Clear year | B9: =E2/12 -> 30
A10: Alt Payoff | B10: =ROUNDUP(NPER(B4/B5,B6+B7,-B2),0)/12 -> 30
A13: Month | B13: Payment | C13: Interest | D13: Principal | E13: Extra Principal | G13: Balance | H13: Debt Paydown
A14: 0 | G14: =B2 -> 313600
A15: 1 | B15: =IF($B$6<=G14,$B$6,G14+G14*$B$4/$B$5) -> 2086.3886 | C15: =IF(B15>0,$B$4/$B$5*G14,0) -> 1829.3333 | D15: =IF(B15>0,MIN(B15-C15,G14),0) -> 257.05529 | E15: =IF(G14-D15>=$B$7,$B$7,G14-D15) -> 0 | G15: =IF(ROUND(G14,5)>0,G14-D15-E15,0) -> 313342.94
A16: 2 | B16: =IF($B$6<=G15,$B$6,G15+G15*$B$4/$B$5) -> 2086.3886 | C16: =IF(B16>0,$B$4/$B$5*G15,0) -> 1827.8338 | D16: =IF(B16>0,MIN(B16-C16,G15),0) -> 258.55478 | E16: =IF(G15-D16>=$B$7,$B$7,G15-D16) -> 0 | G16: =IF(ROUND(G15,5)>0,G15-D16-E16,0) -> 313084.39
A17: 3 | B17: =IF($B$6<=G16,$B$6,G16+G16*$B$4/$B$5) -> 2086.3886 | C17: =IF(B17>0,$B$4/$B$5*G16,0) -> 1826.3256 | D17: =IF(B17>0,MIN(B17-C17,G16),0) -> 260.06302 | E17: =IF(G16-D17>=$B$7,$B$7,G16-D17) -> 0 | G17: =IF(ROUND(G16,5)>0,G16-D17-E17,0) -> 312824.33
A18: 4 | B18: =IF($B$6<=G17,$B$6,G17+G17*$B$4/$B$5) -> 2086.3886 | C18: =IF(B18>0,$B$4/$B$5*G17,0) -> 1824.8086 | D18: =IF(B18>0,MIN(B18-C18,G17),0) -> 261.58005 | E18: =IF(G17-D18>=$B$7,$B$7,G17-D18) -> 0 | G18: =IF(ROUND(G17,5)>0,G17-D18-E18,0) -> 312562.75
A19: 5 | B19: =IF($B$6<=G18,$B$6,G18+G18*$B$4/$B$5) -> 2086.3886 | C19: =IF(B19>0,$B$4/$B$5*G18,0) -> 1823.2827 | D19: =IF(B19>0,MIN(B19-C19,G18),0) -> 263.10593 | E19: =IF(G18-D19>=$B$7,$B$7,G18-D19) -> 0 | G19: =IF(ROUND(G18,5)>0,G18-D19-E19,0) -> 312299.64
A20: 6 | B20: =IF($B$6<=G19,$B$6,G19+G19*$B$4/$B$5) -> 2086.3886 | C20: =IF(B20>0,$B$4/$B$5*G19,0) -> 1821.7479 | D20: =IF(B20>0,MIN(B20-C20,G19),0) -> 264.64072 | E20: =IF(G19-D20>=$B$7,$B$7,G19-D20) -> 0 | G20: =IF(ROUND(G19,5)>0,G19-D20-E20,0) -> 312035
A21: 7 | B21: =IF($B$6<=G20,$B$6,G20+G20*$B$4/$B$5) -> 2086.3886 | C21: =IF(B21>0,$B$4/$B$5*G20,0) -> 1820.2042 | D21: =IF(B21>0,MIN(B21-C21,G20),0) -> 266.18446 | E21: =IF(G20-D21>=$B$7,$B$7,G20-D21) -> 0 | G21: =IF(ROUND(G20,5)>0,G20-D21-E21,0) -> 311768.82
A22: 8 | B22: =IF($B$6<=G21,$B$6,G21+G21*$B$4/$B$5) -> 2086.3886 | C22: =IF(B22>0,$B$4/$B$5*G21,0) -> 1818.6514 | D22: =IF(B22>0,MIN(B22-C22,G21),0) -> 267.7372 | E22: =IF(G21-D22>=$B$7,$B$7,G21-D22) -> 0 | G22: =IF(ROUND(G21,5)>0,G21-D22-E22,0) -> 311501.08
A23: 9 | B23: =IF($B$6<=G22,$B$6,G22+G22*$B$4/$B$5) -> 2086.3886 | C23: =IF(B23>0,$B$4/$B$5*G22,0) -> 1817.0896 | D23: =IF(B23>0,MIN(B23-C23,G22),0) -> 269.299 | E23: =IF(G22-D23>=$B$7,$B$7,G22-D23) -> 0 | G23: =IF(ROUND(G22,5)>0,G22-D23-E23,0) -> 311231.78
A24: 10 | B24: =IF($B$6<=G23,$B$6,G23+G23*$B$4/$B$5) -> 2086.3886 | C24: =IF(B24>0,$B$4/$B$5*G23,0) -> 1815.5187 | D24: =IF(B24>0,MIN(B24-C24,G23),0) -> 270.86991 | E24: =IF(G23-D24>=$B$7,$B$7,G23-D24) -> 0 | G24: =IF(ROUND(G23,5)>0,G23-D24-E24,0) -> 310960.91
A25: 11 | B25: =IF($B$6<=G24,$B$6,G24+G24*$B$4/$B$5) -> 2086.3886 | C25: =IF(B25>0,$B$4/$B$5*G24,0) -> 1813.9386 | D25: =IF(B25>0,MIN(B25-C25,G24),0) -> 272.44999 | E25: =IF(G24-D25>=$B$7,$B$7,G24-D25) -> 0 | G25: =IF(ROUND(G24,5)>0,G24-D25-E25,0) -> 310688.46
A26: 12 | B26: =IF($B$6<=G25,$B$6,G25+G25*$B$4/$B$5) -> 2086.3886 | C26: =IF(B26>0,$B$4/$B$5*G25,0) -> 1812.3493 | D26: =IF(B26>0,MIN(B26-C26,G25),0) -> 274.03928 | E26: =IF(G25-D26>=$B$7,$B$7,G25-D26) -> 0 | G26: =IF(ROUND(G25,5)>0,G25-D26-E26,0) -> 310414.42 | H26: =SUM(D15:D26) -> 3185.5796
A27: 13 | B27: =IF($B$6<=G26,$B$6,G26+G26*$B$4/$B$5) -> 2086.3886 | C27: =IF(B27>0,$B$4/$B$5*G26,0) -> 1810.7508 | D27: =IF(B27>0,MIN(B27-C27,G26),0) -> 275.63784 | E27: =IF(G26-D27>=$B$7,$B$7,G26-D27)+H27 -> 0 | G27: =IF(ROUND(G26,5)>0,G26-D27-E27,0) -> 310138.78
A28: 14 | B28: =IF($B$6<=G27,$B$6,G27+G27*$B$4/$B$5) -> 2086.3886 | C28: =IF(B28>0,$B$4/$B$5*G27,0) -> 1809.1429 | D28: =IF(B28>0,MIN(B28-C28,G27),0) -> 277.24573 | E28: =IF(G27-D28>=$B$7,E27,G27-D28) -> 0 | G28: =IF(ROUND(G27,5)>0,G27-D28-E28,0) -> 309861.54
A29: 15 | B29: =IF($B$6<=G28,$B$6,G28+G28*$B$4/$B$5) -> 2086.3886 | C29: =IF(B29>0,$B$4/$B$5*G28,0) -> 1807.5256 | D29: =IF(B29>0,MIN(B29-C29,G28),0) -> 278.86299 | E29: =IF(G28-D29>=$B$7,E28,G28-D29) -> 0 | G29: =IF(ROUND(G28,5)>0,G28-D29-E29,0) -> 309582.67
A30: 16 | B30: =IF($B$6<=G29,$B$6,G29+G29*$B$4/$B$5) -> 2086.3886 | C30: =IF(B30>0,$B$4/$B$5*G29,0) -> 1805.8989 | D30: =IF(B30>0,MIN(B30-C30,G29),0) -> 280.48969 | E30: =IF(G29-D30>=$B$7,E29,G29-D30) -> 0 | G30: =IF(ROUND(G29,5)>0,G29-D30-E30,0) -> 309302.18
A31: 17 | B31: =IF($B$6<=G30,$B$6,G30+G30*$B$4/$B$5) -> 2086.3886 | C31: =IF(B31>0,$B$4/$B$5*G30,0) -> 1804.2627 | D31: =IF(B31>0,MIN(B31-C31,G30),0) -> 282.12588 | E31: =IF(G30-D31>=$B$7,E30,G30-D31) -> 0 | G31: =IF(ROUND(G30,5)>0,G30-D31-E31,0) -> 309020.06
A32: 18 | B32: =IF($B$6<=G31,$B$6,G31+G31*$B$4/$B$5) -> 2086.3886 | C32: =IF(B32>0,$B$4/$B$5*G31,0) -> 1802.617 | D32: =IF(B32>0,MIN(B32-C32,G31),0) -> 283.77162 | E32: =IF(G31-D32>=$B$7,E31,G31-D32) -> 0 | G32: =IF(ROUND(G31,5)>0,G31-D32-E32,0) -> 308736.29
A33: 19 | B33: =IF($B$6<=G32,$B$6,G32+G32*$B$4/$B$5) -> 2086.3886 | C33: =IF(B33>0,$B$4/$B$5*G32,0) -> 1800.9617 | D33: =IF(B33>0,MIN(B33-C33,G32),0) -> 285.42695 | E33: =IF(G32-D33>=$B$7,E32,G32-D33) -> 0 | G33: =IF(ROUND(G32,5)>0,G32-D33-E33,0) -> 308450.86
A34: 20 | B34: =IF($B$6<=G33,$B$6,G33+G33*$B$4/$B$5) -> 2086.3886 | C34: =IF(B34>0,$B$4/$B$5*G33,0) -> 1799.2967 | D34: =IF(B34>0,MIN(B34-C34,G33),0) -> 287.09194 | E34: =IF(G33-D34>=$B$7,E33,G33-D34) -> 0 | G34: =IF(ROUND(G33,5)>0,G33-D34-E34,0) -> 308163.77
A35: 21 | B35: =IF($B$6<=G34,$B$6,G34+G34*$B$4/$B$5) -> 2086.3886 | C35: =IF(B35>0,$B$4/$B$5*G34,0) -> 1797.622 | D35: =IF(B35>0,MIN(B35-C35,G34),0) -> 288.76665 | E35: =IF(G34-D35>=$B$7,E34,G34-D35) -> 0 | G35: =IF(ROUND(G34,5)>0,G34-D35-E35,0) -> 307875
A36: 22 | B36: =IF($B$6<=G35,$B$6,G35+G35*$B$4/$B$5) -> 2086.3886 | C36: =IF(B36>0,$B$4/$B$5*G35,0) -> 1795.9375 | D36: =IF(B36>0,MIN(B36-C36,G35),0) -> 290.45112 | E36: =IF(G35-D36>=$B$7,E35,G35-D36) -> 0 | G36: =IF(ROUND(G35,5)>0,G35-D36-E36,0) -> 307584.55
A37: 23 | B37: =IF($B$6<=G36,$B$6,G36+G36*$B$4/$B$5) -> 2086.3886 | C37: =IF(B37>0,$B$4/$B$5*G36,0) -> 1794.2432 | D37: =IF(B37>0,MIN(B37-C37,G36),0) -> 292.14542 | E37: =IF(G36-D37>=$B$7,E36,G36-D37) -> 0 | G37: =IF(ROUND(G36,5)>0,G36-D37-E37,0) -> 307292.4
A38: 24 | B38: =IF($B$6<=G37,$B$6,G37+G37*$B$4/$B$5) -> 2086.3886 | C38: =IF(B38>0,$B$4/$B$5*G37,0) -> 1792.539 | D38: =IF(B38>0,MIN(B38-C38,G37),0) -> 293.8496 | E38: =IF(G37-D38>=$B$7,E37,G37-D38) -> 0 | G38: =IF(ROUND(G37,5)>0,G37-D38-E38,0) -> 306998.55 | H38: =SUM(D27:D38) -> 3415.8654
A39: 25 | B39: =IF($B$6<=G38,$B$6,G38+G38*$B$4/$B$5) -> 2086.3886 | C39: =IF(B39>0,$B$4/$B$5*G38,0) -> 1790.8249 | D39: =IF(B39>0,MIN(B39-C39,G38),0) -> 295.56372 | E39: =IF(G38-D39>=$B$7,$B$7,G38-D39)+H39 -> 0 | G39: =IF(ROUND(G38,5)>0,G38-D39-E39,0) -> 306702.99
A40: 26 | B40: =IF($B$6<=G39,$B$6,G39+G39*$B$4/$B$5) -> 2086.3886 | C40: =IF(B40>0,$B$4/$B$5*G39,0) -> 1789.1008 | D40: =IF(B40>0,MIN(B40-C40,G39),0) -> 297.28784 | E40: =IF(G39-D40>=$B$7,E39,G39-D40) -> 0 | G40: =IF(ROUND(G39,5)>0,G39-D40-E40,0) -> 306405.7
A41: 27 | B41: =IF($B$6<=G40,$B$6,G40+G40*$B$4/$B$5) -> 2086.3886 | C41: =IF(B41>0,$B$4/$B$5*G40,0) -> 1787.3666 | D41: =IF(B41>0,MIN(B41-C41,G40),0) -> 299.02202 | E41: =IF(G40-D41>=$B$7,E40,G40-D41) -> 0 | G41: =IF(ROUND(G40,5)>0,G40-D41-E41,0) -> 306106.68
A42: 28 | B42: =IF($B$6<=G41,$B$6,G41+G41*$B$4/$B$5) -> 2086.3886 | C42: =IF(B42>0,$B$4/$B$5*G41,0) -> 1785.6223 | D42: =IF(B42>0,MIN(B42-C42,G41),0) -> 300.76632 | E42: =IF(G41-D42>=$B$7,E41,G41-D42) -> 0 | G42: =IF(ROUND(G41,5)>0,G41-D42-E42,0) -> 305805.92
A43: 29 | B43: =IF($B$6<=G42,$B$6,G42+G42*$B$4/$B$5) -> 2086.3886 | C43: =IF(B43>0,$B$4/$B$5*G42,0) -> 1783.8678 | D43: =IF(B43>0,MIN(B43-C43,G42),0) -> 302.52079 | E43: =IF(G42-D43>=$B$7,E42,G42-D43) -> 0 | G43: =IF(ROUND(G42,5)>0,G42-D43-E43,0) -> 305503.39
A44: 30 | B44: =IF($B$6<=G43,$B$6,G43+G43*$B$4/$B$5) -> 2086.3886 | C44: =IF(B44>0,$B$4/$B$5*G43,0) -> 1782.1031 | D44: =IF(B44>0,MIN(B44-C44,G43),0) -> 304.28549 | E44: =IF(G43-D44>=$B$7,E43,G43-D44) -> 0 | G44: =IF(ROUND(G43,5)>0,G43-D44-E44,0) -> 305199.11
A45: 31 | B45: =IF($B$6<=G44,$B$6,G44+G44*$B$4/$B$5) -> 2086.3886 | C45: =IF(B45>0,$B$4/$B$5*G44,0) -> 1780.3281 | D45: =IF(B45>0,MIN(B45-C45,G44),0) -> 306.06049 | E45: =IF(G44-D45>=$B$7,E44,G44-D45) -> 0 | G45: =IF(ROUND(G44,5)>0,G44-D45-E45,0) -> 304893.05
A46: 32 | B46: =IF($B$6<=G45,$B$6,G45+G45*$B$4/$B$5) -> 2086.3886 | C46: =IF(B46>0,$B$4/$B$5*G45,0) -> 1778.5428 | D46: =IF(B46>0,MIN(B46-C46,G45),0) -> 307.84584 | E46: =IF(G45-D46>=$B$7,E45,G45-D46) -> 0 | G46: =IF(ROUND(G45,5)>0,G45-D46-E46,0) -> 304585.2
A47: 33 | B47: =IF($B$6<=G46,$B$6,G46+G46*$B$4/$B$5) -> 2086.3886 | C47: =IF(B47>0,$B$4/$B$5*G46,0) -> 1776.747 | D47: =IF(B47>0,MIN(B47-C47,G46),0) -> 309.64161 | E47: =IF(G46-D47>=$B$7,E46,G46-D47) -> 0 | G47: =IF(ROUND(G46,5)>0,G46-D47-E47,0) -> 304275.56
A48: 34 | B48: =IF($B$6<=G47,$B$6,G47+G47*$B$4/$B$5) -> 2086.3886 | C48: =IF(B48>0,$B$4/$B$5*G47,0) -> 1774.9408 | D48: =IF(B48>0,MIN(B48-C48,G47),0) -> 311.44785 | E48: =IF(G47-D48>=$B$7,E47,G47-D48) -> 0 | G48: =IF(ROUND(G47,5)>0,G47-D48-E48,0) -> 303964.11
A49: 35 | B49: =IF($B$6<=G48,$B$6,G48+G48*$B$4/$B$5) -> 2086.3886 | C49: =IF(B49>0,$B$4/$B$5*G48,0) -> 1773.124 | D49: =IF(B49>0,MIN(B49-C49,G48),0) -> 313.26463 | E49: =IF(G48-D49>=$B$7,E48,G48-D49) -> 0 | G49: =IF(ROUND(G48,5)>0,G48-D49-E49,0) -> 303650.85
A50: 36 | B50: =IF($B$6<=G49,$B$6,G49+G49*$B$4/$B$5) -> 2086.3886 | C50: =IF(B50>0,$B$4/$B$5*G49,0) -> 1771.2966 | D50: =IF(B50>0,MIN(B50-C50,G49),0) -> 315.09201 | E50: =IF(G49-D50>=$B$7,E49,G49-D50) -> 0 | G50: =IF(ROUND(G49,5)>0,G49-D50-E50,0) -> 303335.76 | H50: =SUM(D39:D50) -> 3662.7986
A51: 37 | B51: =IF($B$6<=G50,$B$6,G50+G50*$B$4/$B$5) -> 2086.3886 | C51: =IF(B51>0,$B$4/$B$5*G50,0) -> 1769.4586 | D51: =IF(B51>0,MIN(B51-C51,G50),0) -> 316.93005 | E51: =IF(G50-D51>=$B$7,$B$7,G50-D51)+H51 -> 0 | G51: =IF(ROUND(G50,5)>0,G50-D51-E51,0) -> 303018.83
A52: 38 | B52: =IF($B$6<=G51,$B$6,G51+G51*$B$4/$B$5) -> 2086.3886 | C52: =IF(B52>0,$B$4/$B$5*G51,0) -> 1767.6098 | D52: =IF(B52>0,MIN(B52-C52,G51),0) -> 318.7788 | E52: =IF(G51-D52>=$B$7,E51,G51-D52) -> 0 | G52: =IF(ROUND(G51,5)>0,G51-D52-E52,0) -> 302700.05
A53: 39 | B53: =IF($B$6<=G52,$B$6,G52+G52*$B$4/$B$5) -> 2086.3886 | C53: =IF(B53>0,$B$4/$B$5*G52,0) -> 1765.7503 | D53: =IF(B53>0,MIN(B53-C53,G52),0) -> 320.63835 | E53: =IF(G52-D53>=$B$7,E52,G52-D53) -> 0 | G53: =IF(ROUND(G52,5)>0,G52-D53-E53,0) -> 302379.41
A54: 40 | B54: =IF($B$6<=G53,$B$6,G53+G53*$B$4/$B$5) -> 2086.3886 | C54: =IF(B54>0,$B$4/$B$5*G53,0) -> 1763.8799 | D54: =IF(B54>0,MIN(B54-C54,G53),0) -> 322.50874 | E54: =IF(G53-D54>=$B$7,E53,G53-D54) -> 0 | G54: =IF(ROUND(G53,5)>0,G53-D54-E54,0) -> 302056.9
A55: 41 | B55: =IF($B$6<=G54,$B$6,G54+G54*$B$4/$B$5) -> 2086.3886 | C55: =IF(B55>0,$B$4/$B$5*G54,0) -> 1761.9986 | D55: =IF(B55>0,MIN(B55-C55,G54),0) -> 324.39004 | E55: =IF(G54-D55>=$B$7,E54,G54-D55) -> 0 | G55: =IF(ROUND(G54,5)>0,G54-D55-E55,0) -> 301732.51
A56: 42 | B56: =IF($B$6<=G55,$B$6,G55+G55*$B$4/$B$5) -> 2086.3886 | C56: =IF(B56>0,$B$4/$B$5*G55,0) -> 1760.1063 | D56: =IF(B56>0,MIN(B56-C56,G55),0) -> 326.28231 | E56: =IF(G55-D56>=$B$7,E55,G55-D56) -> 0 | G56: =IF(ROUND(G55,5)>0,G55-D56-E56,0) -> 301406.23
A57: 43 | B57: =IF($B$6<=G56,$B$6,G56+G56*$B$4/$B$5) -> 2086.3886 | C57: =IF(B57>0,$B$4/$B$5*G56,0) -> 1758.203 | D57: =IF(B57>0,MIN(B57-C57,G56),0) -> 328.18563 | E57: =IF(G56-D57>=$B$7,E56,G56-D57) -> 0 | G57: =IF(ROUND(G56,5)>0,G56-D57-E57,0) -> 301078.04
A58: 44 | B58: =IF($B$6<=G57,$B$6,G57+G57*$B$4/$B$5) -> 2086.3886 | C58: =IF(B58>0,$B$4/$B$5*G57,0) -> 1756.2886 | D58: =IF(B58>0,MIN(B58-C58,G57),0) -> 330.10004 | E58: =IF(G57-D58>=$B$7,E57,G57-D58) -> 0 | G58: =IF(ROUND(G57,5)>0,G57-D58-E58,0) -> 300747.94
A59: 45 | B59: =IF($B$6<=G58,$B$6,G58+G58*$B$4/$B$5) -> 2086.3886 | C59: =IF(B59>0,$B$4/$B$5*G58,0) -> 1754.363 | D59: =IF(B59>0,MIN(B59-C59,G58),0) -> 332.02563 | E59: =IF(G58-D59>=$B$7,E58,G58-D59) -> 0 | G59: =IF(ROUND(G58,5)>0,G58-D59-E59,0) -> 300415.92
A60: 46 | B60: =IF($B$6<=G59,$B$6,G59+G59*$B$4/$B$5) -> 2086.3886 | C60: =IF(B60>0,$B$4/$B$5*G59,0) -> 1752.4262 | D60: =IF(B60>0,MIN(B60-C60,G59),0) -> 333.96244 | E60: =IF(G59-D60>=$B$7,E59,G59-D60) -> 0 | G60: =IF(ROUND(G59,5)>0,G59-D60-E60,0) -> 300081.95
A61: 47 | B61: =IF($B$6<=G60,$B$6,G60+G60*$B$4/$B$5) -> 2086.3886 | C61: =IF(B61>0,$B$4/$B$5*G60,0) -> 1750.4781 | D61: =IF(B61>0,MIN(B61-C61,G60),0) -> 335.91056 | E61: =IF(G60-D61>=$B$7,E60,G60-D61) -> 0 | G61: =IF(ROUND(G60,5)>0,G60-D61-E61,0) -> 299746.04
A62: 48 | B62: =IF($B$6<=G61,$B$6,G61+G61*$B$4/$B$5) -> 2086.3886 | C62: =IF(B62>0,$B$4/$B$5*G61,0) -> 1748.5186 | D62: =IF(B62>0,MIN(B62-C62,G61),0) -> 337.87004 | E62: =IF(G61-D62>=$B$7,E61,G61-D62) -> 0 | G62: =IF(ROUND(G61,5)>0,G61-D62-E62,0) -> 299408.17 | H62: =SUM(D51:D62) -> 3927.5826
A63: 49 | B63: =IF($B$6<=G62,$B$6,G62+G62*$B$4/$B$5) -> 2086.3886 | C63: =IF(B63>0,$B$4/$B$5*G62,0) -> 1746.5477 | D63: =IF(B63>0,MIN(B63-C63,G62),0) -> 339.84095 | E63: =IF(G62-D63>=$B$7,$B$7,G62-D63)+H63 -> 0 | G63: =IF(ROUND(G62,5)>0,G62-D63-E63,0) -> 299068.33
A64: 50 | B64: =IF($B$6<=G63,$B$6,G63+G63*$B$4/$B$5) -> 2086.3886 | C64: =IF(B64>0,$B$4/$B$5*G63,0) -> 1744.5653 | D64: =IF(B64>0,MIN(B64-C64,G63),0) -> 341.82335 | E64: =IF(G63-D64>=$B$7,E63,G63-D64) -> 0 | G64: =IF(ROUND(G63,5)>0,G63-D64-E64,0) -> 298726.51
A65: 51 | B65: =IF($B$6<=G64,$B$6,G64+G64*$B$4/$B$5) -> 2086.3886 | C65: =IF(B65>0,$B$4/$B$5*G64,0) -> 1742.5713 | D65: =IF(B65>0,MIN(B65-C65,G64),0) -> 343.81732 | E65: =IF(G64-D65>=$B$7,E64,G64-D65) -> 0 | G65: =IF(ROUND(G64,5)>0,G64-D65-E65,0) -> 298382.69
A66: 52 | B66: =IF($B$6<=G65,$B$6,G65+G65*$B$4/$B$5) -> 2086.3886 | C66: =IF(B66>0,$B$4/$B$5*G65,0) -> 1740.5657 | D66: =IF(B66>0,MIN(B66-C66,G65),0) -> 345.82292 | E66: =IF(G65-D66>=$B$7,E65,G65-D66) -> 0 | G66: =IF(ROUND(G65,5)>0,G65-D66-E66,0) -> 298036.87
A67: 53 | B67: =IF($B$6<=G66,$B$6,G66+G66*$B$4/$B$5) -> 2086.3886 | C67: =IF(B67>0,$B$4/$B$5*G66,0) -> 1738.5484 | D67: =IF(B67>0,MIN(B67-C67,G66),0) -> 347.84022 | E67: =IF(G66-D67>=$B$7,E66,G66-D67) -> 0 | G67: =IF(ROUND(G66,5)>0,G66-D67-E67,0) -> 297689.03
A68: 54 | B68: =IF($B$6<=G67,$B$6,G67+G67*$B$4/$B$5) -> 2086.3886 | C68: =IF(B68>0,$B$4/$B$5*G67,0) -> 1736.5193 | D68: =IF(B68>0,MIN(B68-C68,G67),0) -> 349.86929 | E68: =IF(G67-D68>=$B$7,E67,G67-D68) -> 0 | G68: =IF(ROUND(G67,5)>0,G67-D68-E68,0) -> 297339.16
A69: 55 | B69: =IF($B$6<=G68,$B$6,G68+G68*$B$4/$B$5) -> 2086.3886 | C69: =IF(B69>0,$B$4/$B$5*G68,0) -> 1734.4784 | D69: =IF(B69>0,MIN(B69-C69,G68),0) -> 351.91019 | E69: =IF(G68-D69>=$B$7,E68,G68-D69) -> 0 | G69: =IF(ROUND(G68,5)>0,G68-D69-E69,0) -> 296987.25
A70: 56 | B70: =IF($B$6<=G69,$B$6,G69+G69*$B$4/$B$5) -> 2086.3886 | C70: =IF(B70>0,$B$4/$B$5*G69,0) -> 1732.4256 | D70: =IF(B70>0,MIN(B70-C70,G69),0) -> 353.963 | E70: =IF(G69-D70>=$B$7,E69,G69-D70) -> 0 | G70: =IF(ROUND(G69,5)>0,G69-D70-E70,0) -> 296633.29
A71: 57 | B71: =IF($B$6<=G70,$B$6,G70+G70*$B$4/$B$5) -> 2086.3886 | C71: =IF(B71>0,$B$4/$B$5*G70,0) -> 1730.3608 | D71: =IF(B71>0,MIN(B71-C71,G70),0) -> 356.02779 | E71: =IF(G70-D71>=$B$7,E70,G70-D71) -> 0 | G71: =IF(ROUND(G70,5)>0,G70-D71-E71,0) -> 296277.26
A72: 58 | B72: =IF($B$6<=G71,$B$6,G71+G71*$B$4/$B$5) -> 2086.3886 | C72: =IF(B72>0,$B$4/$B$5*G71,0) -> 1728.284 | D72: =IF(B72>0,MIN(B72-C72,G71),0) -> 358.10462 | E72: =IF(G71-D72>=$B$7,E71,G71-D72) -> 0 | G72: =IF(ROUND(G71,5)>0,G71-D72-E72,0) -> 295919.15
A73: 59 | B73: =IF($B$6<=G72,$B$6,G72+G72*$B$4/$B$5) -> 2086.3886 | C73: =IF(B73>0,$B$4/$B$5*G72,0) -> 1726.1951 | D73: =IF(B73>0,MIN(B73-C73,G72),0) -> 360.19356 | E73: =IF(G72-D73>=$B$7,E72,G72-D73) -> 0 | G73: =IF(ROUND(G72,5)>0,G72-D73-E73,0) -> 295558.96
A74: 60 | B74: =IF($B$6<=G73,$B$6,G73+G73*$B$4/$B$5) -> 2086.3886 | C74: =IF(B74>0,$B$4/$B$5*G73,0) -> 1724.0939 | D74: =IF(B74>0,MIN(B74-C74,G73),0) -> 362.29469 | E74: =IF(G73-D74>=$B$7,E73,G73-D74) -> 0 | G74: =IF(ROUND(G73,5)>0,G73-D74-E74,0) -> 295196.67 | H74: =SUM(D63:D74) -> 4211.5079
A75: 61 | B75: =IF($B$6<=G74,$B$6,G74+G74*$B$4/$B$5) -> 2086.3886 | C75: =IF(B75>0,$B$4/$B$5*G74,0) -> 1721.9806 | D75: =IF(B75>0,MIN(B75-C75,G74),0) -> 364.40807 | E75: =IF(G74-D75>=$B$7,$B$7,G74-D75)+H75 -> 0 | G75: =IF(ROUND(G74,5)>0,G74-D75-E75,0) -> 294832.26 | H75: =+H63+B8 -> 0
A76: 62 | B76: =IF($B$6<=G75,$B$6,G75+G75*$B$4/$B$5) -> 2086.3886 | C76: =IF(B76>0,$B$4/$B$5*G75,0) -> 1719.8548 | D76: =IF(B76>0,MIN(B76-C76,G75),0) -> 366.53379 | E76: =IF(G75-D76>=$B$7,E75,G75-D76) -> 0 | G76: =IF(ROUND(G75,5)>0,G75-D76-E76,0) -> 294465.72
A77: 63 | B77: =IF($B$6<=G76,$B$6,G76+G76*$B$4/$B$5) -> 2086.3886 | C77: =IF(B77>0,$B$4/$B$5*G76,0) -> 1717.7167 | D77: =IF(B77>0,MIN(B77-C77,G76),0) -> 368.6719 | E77: =IF(G76-D77>=$B$7,E76,G76-D77) -> 0 | G77: =IF(ROUND(G76,5)>0,G76-D77-E77,0) -> 294097.05
A78: 64 | B78: =IF($B$6<=G77,$B$6,G77+G77*$B$4/$B$5) -> 2086.3886 | C78: =IF(B78>0,$B$4/$B$5*G77,0) -> 1715.5661 | D78: =IF(B78>0,MIN(B78-C78,G77),0) -> 370.82249 | E78: =IF(G77-D78>=$B$7,E77,G77-D78) -> 0 | G78: =IF(ROUND(G77,5)>0,G77-D78-E78,0) -> 293726.23
A79: 65 | B79: =IF($B$6<=G78,$B$6,G78+G78*$B$4/$B$5) -> 2086.3886 | C79: =IF(B79>0,$B$4/$B$5*G78,0) -> 1713.403 | D79: =IF(B79>0,MIN(B79-C79,G78),0) -> 372.98562 | E79: =IF(G78-D79>=$B$7,E78,G78-D79) -> 0 | G79: =IF(ROUND(G78,5)>0,G78-D79-E79,0) -> 293353.24
A80: 66 | B80: =IF($B$6<=G79,$B$6,G79+G79*$B$4/$B$5) -> 2086.3886 | C80: =IF(B80>0,$B$4/$B$5*G79,0) -> 1711.2273 | D80: =IF(B80>0,MIN(B80-C80,G79),0) -> 375.16137 | E80: =IF(G79-D80>=$B$7,E79,G79-D80) -> 0 | G80: =IF(ROUND(G79,5)>0,G79-D80-E80,0) -> 292978.08
A81: 67 | B81: =IF($B$6<=G80,$B$6,G80+G80*$B$4/$B$5) -> 2086.3886 | C81: =IF(B81>0,$B$4/$B$5*G80,0) -> 1709.0388 | D81: =IF(B81>0,MIN(B81-C81,G80),0) -> 377.34981 | E81: =IF(G80-D81>=$B$7,E80,G80-D81) -> 0 | G81: =IF(ROUND(G80,5)>0,G80-D81-E81,0) -> 292600.73
A82: 68 | B82: =IF($B$6<=G81,$B$6,G81+G81*$B$4/$B$5) -> 2086.3886 | C82: =IF(B82>0,$B$4/$B$5*G81,0) -> 1706.8376 | D82: =IF(B82>0,MIN(B82-C82,G81),0) -> 379.55102 | E82: =IF(G81-D82>=$B$7,E81,G81-D82) -> 0 | G82: =IF(ROUND(G81,5)>0,G81-D82-E82,0) -> 292221.18
A83: 69 | B83: =IF($B$6<=G82,$B$6,G82+G82*$B$4/$B$5) -> 2086.3886 | C83: =IF(B83>0,$B$4/$B$5*G82,0) -> 1704.6236 | D83: =IF(B83>0,MIN(B83-C83,G82),0) -> 381.76506 | E83: =IF(G82-D83>=$B$7,E82,G82-D83) -> 0 | G83: =IF(ROUND(G82,5)>0,G82-D83-E83,0) -> 291839.42
A84: 70 | B84: =IF($B$6<=G83,$B$6,G83+G83*$B$4/$B$5) -> 2086.3886 | C84: =IF(B84>0,$B$4/$B$5*G83,0) -> 1702.3966 | D84: =IF(B84>0,MIN(B84-C84,G83),0) -> 383.99203 | E84: =IF(G83-D84>=$B$7,E83,G83-D84) -> 0 | G84: =IF(ROUND(G83,5)>0,G83-D84-E84,0) -> 291455.42
A85: 71 | B85: =IF($B$6<=G84,$B$6,G84+G84*$B$4/$B$5) -> 2086.3886 | C85: =IF(B85>0,$B$4/$B$5*G84,0) -> 1700.1566 | D85: =IF(B85>0,MIN(B85-C85,G84),0) -> 386.23198 | E85: =IF(G84-D85>=$B$7,E84,G84-D85) -> 0 | G85: =IF(ROUND(G84,5)>0,G84-D85-E85,0) -> 291069.19
A86: 72 | B86: =IF($B$6<=G85,$B$6,G85+G85*$B$4/$B$5) -> 2086.3886 | C86: =IF(B86>0,$B$4/$B$5*G85,0) -> 1697.9036 | D86: =IF(B86>0,MIN(B86-C86,G85),0) -> 388.485 | E86: =IF(G85-D86>=$B$7,E85,G85-D86) -> 0 | G86: =IF(ROUND(G85,5)>0,G85-D86-E86,0) -> 290680.71 | H86: =SUM(D75:D86) -> 4515.9581
A87: 73 | B87: =IF($B$6<=G86,$B$6,G86+G86*$B$4/$B$5) -> 2086.3886 | C87: =IF(B87>0,$B$4/$B$5*G86,0) -> 1695.6375 | D87: =IF(B87>0,MIN(B87-C87,G86),0) -> 390.75116 | E87: =IF(G86-D87>=$B$7,$B$7,G86-D87)+H87 -> 0 | G87: =IF(ROUND(G86,5)>0,G86-D87-E87,0) -> 290289.96 | H87: =H75+B8 -> 0
A88: 74 | B88: =IF($B$6<=G87,$B$6,G87+G87*$B$4/$B$5) -> 2086.3886 | C88: =IF(B88>0,$B$4/$B$5*G87,0) -> 1693.3581 | D88: =IF(B88>0,MIN(B88-C88,G87),0) -> 393.03055 | E88: =IF(G87-D88>=$B$7,E87,G87-D88) -> 0 | G88: =IF(ROUND(G87,5)>0,G87-D88-E88,0) -> 289896.93
A89: 75 | B89: =IF($B$6<=G88,$B$6,G88+G88*$B$4/$B$5) -> 2086.3886 | C89: =IF(B89>0,$B$4/$B$5*G88,0) -> 1691.0654 | D89: =IF(B89>0,MIN(B89-C89,G88),0) -> 395.32322 | E89: =IF(G88-D89>=$B$7,E88,G88-D89) -> 0 | G89: =IF(ROUND(G88,5)>0,G88-D89-E89,0) -> 289501.6
A90: 76 | B90: =IF($B$6<=G89,$B$6,G89+G89*$B$4/$B$5) -> 2086.3886 | C90: =IF(B90>0,$B$4/$B$5*G89,0) -> 1688.7593 | D90: =IF(B90>0,MIN(B90-C90,G89),0) -> 397.62928 | E90: =IF(G89-D90>=$B$7,E89,G89-D90) -> 0 | G90: =IF(ROUND(G89,5)>0,G89-D90-E90,0) -> 289103.97
A91: 77 | B91: =IF($B$6<=G90,$B$6,G90+G90*$B$4/$B$5) -> 2086.3886 | C91: =IF(B91>0,$B$4/$B$5*G90,0) -> 1686.4398 | D91: =IF(B91>0,MIN(B91-C91,G90),0) -> 399.94878 | E91: =IF(G90-D91>=$B$7,E90,G90-D91) -> 0 | G91: =IF(ROUND(G90,5)>0,G90-D91-E91,0) -> 288704.02
A92: 78 | B92: =IF($B$6<=G91,$B$6,G91+G91*$B$4/$B$5) -> 2086.3886 | C92: =IF(B92>0,$B$4/$B$5*G91,0) -> 1684.1068 | D92: =IF(B92>0,MIN(B92-C92,G91),0) -> 402.28181 | E92: =IF(G91-D92>=$B$7,E91,G91-D92) -> 0 | G92: =IF(ROUND(G91,5)>0,G91-D92-E92,0) -> 288301.74
A93: 79 | B93: =IF($B$6<=G92,$B$6,G92+G92*$B$4/$B$5) -> 2086.3886 | C93: =IF(B93>0,$B$4/$B$5*G92,0) -> 1681.7602 | D93: =IF(B93>0,MIN(B93-C93,G92),0) -> 404.62846 | E93: =IF(G92-D93>=$B$7,E92,G92-D93) -> 0 | G93: =IF(ROUND(G92,5)>0,G92-D93-E93,0) -> 287897.11
A94: 80 | B94: =IF($B$6<=G93,$B$6,G93+G93*$B$4/$B$5) -> 2086.3886 | C94: =IF(B94>0,$B$4/$B$5*G93,0) -> 1679.3998 | D94: =IF(B94>0,MIN(B94-C94,G93),0) -> 406.98879 | E94: =IF(G93-D94>=$B$7,E93,G93-D94) -> 0 | G94: =IF(ROUND(G93,5)>0,G93-D94-E94,0) -> 287490.13
A95: 81 | B95: =IF($B$6<=G94,$B$6,G94+G94*$B$4/$B$5) -> 2086.3886 | C95: =IF(B95>0,$B$4/$B$5*G94,0) -> 1677.0257 | D95: =IF(B95>0,MIN(B95-C95,G94),0) -> 409.36289 | E95: =IF(G94-D95>=$B$7,E94,G94-D95) -> 0 | G95: =IF(ROUND(G94,5)>0,G94-D95-E95,0) -> 287080.76
A96: 82 | B96: =IF($B$6<=G95,$B$6,G95+G95*$B$4/$B$5) -> 2086.3886 | C96: =IF(B96>0,$B$4/$B$5*G95,0) -> 1674.6378 | D96: =IF(B96>0,MIN(B96-C96,G95),0) -> 411.75084 | E96: =IF(G95-D96>=$B$7,E95,G95-D96) -> 0 | G96: =IF(ROUND(G95,5)>0,G95-D96-E96,0) -> 286669.01
A97: 83 | B97: =IF($B$6<=G96,$B$6,G96+G96*$B$4/$B$5) -> 2086.3886 | C97: =IF(B97>0,$B$4/$B$5*G96,0) -> 1672.2359 | D97: =IF(B97>0,MIN(B97-C97,G96),0) -> 414.15272 | E97: =IF(G96-D97>=$B$7,E96,G96-D97) -> 0 | G97: =IF(ROUND(G96,5)>0,G96-D97-E97,0) -> 286254.86
A98: 84 | B98: =IF($B$6<=G97,$B$6,G97+G97*$B$4/$B$5) -> 2086.3886 | C98: =IF(B98>0,$B$4/$B$5*G97,0) -> 1669.82 | D98: =IF(B98>0,MIN(B98-C98,G97),0) -> 416.56861 | E98: =IF(G97-D98>=$B$7,E97,G97-D98) -> 0 | G98: =IF(ROUND(G97,5)>0,G97-D98-E98,0) -> 285838.29 | H98: =SUM(D87:D98) -> 4842.4171
A99: 85 | B99: =IF($B$6<=G98,$B$6,G98+G98*$B$4/$B$5) -> 2086.3886 | C99: =IF(B99>0,$B$4/$B$5*G98,0) -> 1667.39 | D99: =IF(B99>0,MIN(B99-C99,G98),0) -> 418.9986 | E99: =IF(G98-D99>=$B$7,$B$7,G98-D99)+H99 -> 0 | G99: =IF(ROUND(G98,5)>0,G98-D99-E99,0) -> 285419.29 | H99: =+H87+B8 -> 0
A100: 86 | B100: =IF($B$6<=G99,$B$6,G99+G99*$B$4/$B$5) -> 2086.3886 | C100: =IF(B100>0,$B$4/$B$5*G99,0) -> 1664.9459 | D100: =IF(B100>0,MIN(B100-C100,G99),0) -> 421.44276 | E100: =IF(G99-D100>=$B$7,E99,G99-D100) -> 0 | G100: =IF(ROUND(G99,5)>0,G99-D100-E100,0) -> 284997.85
A101: 87 | B101: =IF($B$6<=G100,$B$6,G100+G100*$B$4/$B$5) -> 2086.3886 | C101: =IF(B101>0,$B$4/$B$5*G100,0) -> 1662.4875 | D101: =IF(B101>0,MIN(B101-C101,G100),0) -> 423.90117 | E101: =IF(G100-D101>=$B$7,E100,G100-D101) -> 0 | G101: =IF(ROUND(G100,5)>0,G100-D101-E101,0) -> 284573.95
A102: 88 | B102: =IF($B$6<=G101,$B$6,G101+G101*$B$4/$B$5) -> 2086.3886 | C102: =IF(B102>0,$B$4/$B$5*G101,0) -> 1660.0147 | D102: =IF(B102>0,MIN(B102-C102,G101),0) -> 426.37393 | E102: =IF(G101-D102>=$B$7,E101,G101-D102) -> 0 | G102: =IF(ROUND(G101,5)>0,G101-D102-E102,0) -> 284147.57
...

Sheet Loan Amortization 2nd Loan
A1: Loan Data
A2: Original Principal | B2: ='Analysis Worksheet'!F18 -> 20000 | D2: Payoff | E2: =MATCH(0,BalanceRange,0)-1 -> 360 | H2: =B2*B4 -> 1000 | I2: Interest Only Annual Payment
A3: Loan Term (Years) | B3: ='Analysis Worksheet'!F20 -> 30 | D3: Total Interest | E3: =SUM(OFFSET(BalanceRange,0,-3)) -> 20000 | H3: =B2*B4/12 -> 83.333333 | I3: Interest Only monthly payment
A4: Annual Interest Rate | B4: ='Analysis Worksheet'!F19 -> 0.05 | D4: Regular Principal | E4: =SUM(OFFSET(BalanceRange,0,-2)) -> 0
A5: Payments per Year | B5: ='Analysis Worksheet'!F21 -> 12 | D5: Extra Principal | E5: =SUM(OFFSET(BalanceRange,0,-1)) -> 0
A6: Payment | B6: =PMT(B$4/B$5,B$3*B$5,-B$2) -> 107.36432 | D6: Total Principal | E6: =SUM(E4:E5) -> 0
A7: Additional Principal | B7: ='Analysis Worksheet'!H59 -> 0 | D7: Total Payments | E7: =SUM(E3:E5) -> 20000
D8: Total Savings | E8: =(B3*B5*B6-B2)-(E7-E6) -> -1348.8431
A9: Free and Clear year | B9: =E2/12 -> 30
A10: Alt Payoff | B10: =ROUNDUP(NPER(B4/B5,B6+B7,-B2),0)/12 -> 30.083333
A13: Month | B13: Payment | C13: Interest | D13: Principal | E13: Extra Principal | G13: Balance | H13: Debt Paydown
A14: 0 | G14: =B2 -> 20000
A15: 1 | B15: =IF($B$6<=G14,$B$6,G14+G14*$B$4/$B$5) -> 107.36432 | C15: =IF(B15>0,$B$4/$B$5*G14,0) -> 83.333333 | D15: =IF(B15>0,MIN(B15-C15,G14),0) -> 24.030991 | E15: =IF(G14-D15>=$B$7,$B$7,G14-D15) -> 0 | G15: =IF(ROUND(G14,5)>0,G14-D15-E15,0) -> 19975.969
A16: 2 | B16: =IF($B$6<=G15,$B$6,G15+G15*$B$4/$B$5) -> 107.36432 | C16: =IF(B16>0,$B$4/$B$5*G15,0) -> 83.233204 | D16: =IF(B16>0,MIN(B16-C16,G15),0) -> 24.13112 | E16: =IF(G15-D16>=$B$7,$B$7,G15-D16) -> 0 | G16: =IF(ROUND(G15,5)>0,G15-D16-E16,0) -> 19951.838
A17: 3 | B17: =IF($B$6<=G16,$B$6,G16+G16*$B$4/$B$5) -> 107.36432 | C17: =IF(B17>0,$B$4/$B$5*G16,0) -> 83.132658 | D17: =IF(B17>0,MIN(B17-C17,G16),0) -> 24.231667 | E17: =IF(G16-D17>=$B$7,$B$7,G16-D17) -> 0 | G17: =IF(ROUND(G16,5)>0,G16-D17-E17,0) -> 19927.606
A18: 4 | B18: =IF($B$6<=G17,$B$6,G17+G17*$B$4/$B$5) -> 107.36432 | C18: =IF(B18>0,$B$4/$B$5*G17,0) -> 83.031693 | D18: =IF(B18>0,MIN(B18-C18,G17),0) -> 24.332632 | E18: =IF(G17-D18>=$B$7,$B$7,G17-D18) -> 0 | G18: =IF(ROUND(G17,5)>0,G17-D18-E18,0) -> 19903.274
A19: 5 | B19: =IF($B$6<=G18,$B$6,G18+G18*$B$4/$B$5) -> 107.36432 | C19: =IF(B19>0,$B$4/$B$5*G18,0) -> 82.930307 | D19: =IF(B19>0,MIN(B19-C19,G18),0) -> 24.434018 | E19: =IF(G18-D19>=$B$7,$B$7,G18-D19) -> 0 | G19: =IF(ROUND(G18,5)>0,G18-D19-E19,0) -> 19878.84
A20: 6 | B20: =IF($B$6<=G19,$B$6,G19+G19*$B$4/$B$5) -> 107.36432 | C20: =IF(B20>0,$B$4/$B$5*G19,0) -> 82.828498 | D20: =IF(B20>0,MIN(B20-C20,G19),0) -> 24.535826 | E20: =IF(G19-D20>=$B$7,$B$7,G19-D20) -> 0 | G20: =IF(ROUND(G19,5)>0,G19-D20-E20,0) -> 19854.304
A21: 7 | B21: =IF($B$6<=G20,$B$6,G20+G20*$B$4/$B$5) -> 107.36432 | C21: =IF(B21>0,$B$4/$B$5*G20,0) -> 82.726266 | D21: =IF(B21>0,MIN(B21-C21,G20),0) -> 24.638059 | E21: =IF(G20-D21>=$B$7,$B$7,G20-D21) -> 0 | G21: =IF(ROUND(G20,5)>0,G20-D21-E21,0) -> 19829.666
A22: 8 | B22: =IF($B$6<=G21,$B$6,G21+G21*$B$4/$B$5) -> 107.36432 | C22: =IF(B22>0,$B$4/$B$5*G21,0) -> 82.623607 | D22: =IF(B22>0,MIN(B22-C22,G21),0) -> 24.740718 | E22: =IF(G21-D22>=$B$7,$B$7,G21-D22) -> 0 | G22: =IF(ROUND(G21,5)>0,G21-D22-E22,0) -> 19804.925
A23: 9 | B23: =IF($B$6<=G22,$B$6,G22+G22*$B$4/$B$5) -> 107.36432 | C23: =IF(B23>0,$B$4/$B$5*G22,0) -> 82.520521 | D23: =IF(B23>0,MIN(B23-C23,G22),0) -> 24.843804 | E23: =IF(G22-D23>=$B$7,$B$7,G22-D23) -> 0 | G23: =IF(ROUND(G22,5)>0,G22-D23-E23,0) -> 19780.081
A24: 10 | B24: =IF($B$6<=G23,$B$6,G23+G23*$B$4/$B$5) -> 107.36432 | C24: =IF(B24>0,$B$4/$B$5*G23,0) -> 82.417005 | D24: =IF(B24>0,MIN(B24-C24,G23),0) -> 24.94732 | E24: =IF(G23-D24>=$B$7,$B$7,G23-D24) -> 0 | G24: =IF(ROUND(G23,5)>0,G23-D24-E24,0) -> 19755.134
A25: 11 | B25: =IF($B$6<=G24,$B$6,G24+G24*$B$4/$B$5) -> 107.36432 | C25: =IF(B25>0,$B$4/$B$5*G24,0) -> 82.313058 | D25: =IF(B25>0,MIN(B25-C25,G24),0) -> 25.051267 | E25: =IF(G24-D25>=$B$7,$B$7,G24-D25) -> 0 | G25: =IF(ROUND(G24,5)>0,G24-D25-E25,0) -> 19730.083
A26: 12 | B26: =IF($B$6<=G25,$B$6,G25+G25*$B$4/$B$5) -> 107.36432 | C26: =IF(B26>0,$B$4/$B$5*G25,0) -> 82.208677 | D26: =IF(B26>0,MIN(B26-C26,G25),0) -> 25.155647 | E26: =IF(G25-D26>=$B$7,$B$7,G25-D26) -> 0 | G26: =IF(ROUND(G25,5)>0,G25-D26-E26,0) -> 19704.927 | H26: =SUM(D15:D26) -> 295.07307
A27: 13 | B27: =IF($B$6<=G26,$B$6,G26+G26*$B$4/$B$5) -> 107.36432 | C27: =IF(B27>0,$B$4/$B$5*G26,0) -> 82.103862 | D27: =IF(B27>0,MIN(B27-C27,G26),0) -> 25.260462 | E27: =IF(G26-D27>=$B$7,$B$7,G26-D27)+H27 -> 0 | G27: =IF(ROUND(G26,5)>0,G26-D27-E27,0) -> 19679.666
A28: 14 | B28: =IF($B$6<=G27,$B$6,G27+G27*$B$4/$B$5) -> 107.36432 | C28: =IF(B28>0,$B$4/$B$5*G27,0) -> 81.99861 | D28: =IF(B28>0,MIN(B28-C28,G27),0) -> 25.365714 | E28: =IF(G27-D28>=$B$7,E27,G27-D28) -> 0 | G28: =IF(ROUND(G27,5)>0,G27-D28-E28,0) -> 19654.301
A29: 15 | B29: =IF($B$6<=G28,$B$6,G28+G28*$B$4/$B$5) -> 107.36432 | C29: =IF(B29>0,$B$4/$B$5*G28,0) -> 81.89292 | D29: =IF(B29>0,MIN(B29-C29,G28),0) -> 25.471405 | E29: =IF(G28-D29>=$B$7,E28,G28-D29) -> 0 | G29: =IF(ROUND(G28,5)>0,G28-D29-E29,0) -> 19628.829
A30: 16 | B30: =IF($B$6<=G29,$B$6,G29+G29*$B$4/$B$5) -> 107.36432 | C30: =IF(B30>0,$B$4/$B$5*G29,0) -> 81.786789 | D30: =IF(B30>0,MIN(B30-C30,G29),0) -> 25.577536 | E30: =IF(G29-D30>=$B$7,E29,G29-D30) -> 0 | G30: =IF(ROUND(G29,5)>0,G29-D30-E30,0) -> 19603.252
A31: 17 | B31: =IF($B$6<=G30,$B$6,G30+G30*$B$4/$B$5) -> 107.36432 | C31: =IF(B31>0,$B$4/$B$5*G30,0) -> 81.680216 | D31: =IF(B31>0,MIN(B31-C31,G30),0) -> 25.684109 | E31: =IF(G30-D31>=$B$7,E30,G30-D31) -> 0 | G31: =IF(ROUND(G30,5)>0,G30-D31-E31,0) -> 19577.568
A32: 18 | B32: =IF($B$6<=G31,$B$6,G31+G31*$B$4/$B$5) -> 107.36432 | C32: =IF(B32>0,$B$4/$B$5*G31,0) -> 81.573199 | D32: =IF(B32>0,MIN(B32-C32,G31),0) -> 25.791126 | E32: =IF(G31-D32>=$B$7,E31,G31-D32) -> 0 | G32: =IF(ROUND(G31,5)>0,G31-D32-E32,0) -> 19551.777
A33: 19 | B33: =IF($B$6<=G32,$B$6,G32+G32*$B$4/$B$5) -> 107.36432 | C33: =IF(B33>0,$B$4/$B$5*G32,0) -> 81.465736 | D33: =IF(B33>0,MIN(B33-C33,G32),0) -> 25.898589 | E33: =IF(G32-D33>=$B$7,E32,G32-D33) -> 0 | G33: =IF(ROUND(G32,5)>0,G32-D33-E33,0) -> 19525.878
A34: 20 | B34: =IF($B$6<=G33,$B$6,G33+G33*$B$4/$B$5) -> 107.36432 | C34: =IF(B34>0,$B$4/$B$5*G33,0) -> 81.357825 | D34: =IF(B34>0,MIN(B34-C34,G33),0) -> 26.0065 | E34: =IF(G33-D34>=$B$7,E33,G33-D34) -> 0 | G34: =IF(ROUND(G33,5)>0,G33-D34-E34,0) -> 19499.871
A35: 21 | B35: =IF($B$6<=G34,$B$6,G34+G34*$B$4/$B$5) -> 107.36432 | C35: =IF(B35>0,$B$4/$B$5*G34,0) -> 81.249465 | D35: =IF(B35>0,MIN(B35-C35,G34),0) -> 26.11486 | E35: =IF(G34-D35>=$B$7,E34,G34-D35) -> 0 | G35: =IF(ROUND(G34,5)>0,G34-D35-E35,0) -> 19473.757
A36: 22 | B36: =IF($B$6<=G35,$B$6,G35+G35*$B$4/$B$5) -> 107.36432 | C36: =IF(B36>0,$B$4/$B$5*G35,0) -> 81.140653 | D36: =IF(B36>0,MIN(B36-C36,G35),0) -> 26.223672 | E36: =IF(G35-D36>=$B$7,E35,G35-D36) -> 0 | G36: =IF(ROUND(G35,5)>0,G35-D36-E36,0) -> 19447.533
A37: 23 | B37: =IF($B$6<=G36,$B$6,G36+G36*$B$4/$B$5) -> 107.36432 | C37: =IF(B37>0,$B$4/$B$5*G36,0) -> 81.031387 | D37: =IF(B37>0,MIN(B37-C37,G36),0) -> 26.332937 | E37: =IF(G36-D37>=$B$7,E36,G36-D37) -> 0 | G37: =IF(ROUND(G36,5)>0,G36-D37-E37,0) -> 19421.2
A38: 24 | B38: =IF($B$6<=G37,$B$6,G37+G37*$B$4/$B$5) -> 107.36432 | C38: =IF(B38>0,$B$4/$B$5*G37,0) -> 80.921667 | D38: =IF(B38>0,MIN(B38-C38,G37),0) -> 26.442658 | E38: =IF(G37-D38>=$B$7,E37,G37-D38) -> 0 | G38: =IF(ROUND(G37,5)>0,G37-D38-E38,0) -> 19394.757 | H38: =SUM(D27:D38) -> 310.16957
A39: 25 | B39: =IF($B$6<=G38,$B$6,G38+G38*$B$4/$B$5) -> 107.36432 | C39: =IF(B39>0,$B$4/$B$5*G38,0) -> 80.811489 | D39: =IF(B39>0,MIN(B39-C39,G38),0) -> 26.552836 | E39: =IF(G38-D39>=$B$7,$B$7,G38-D39)+H39 -> 0 | G39: =IF(ROUND(G38,5)>0,G38-D39-E39,0) -> 19368.205
A40: 26 | B40: =IF($B$6<=G39,$B$6,G39+G39*$B$4/$B$5) -> 107.36432 | C40: =IF(B40>0,$B$4/$B$5*G39,0) -> 80.700852 | D40: =IF(B40>0,MIN(B40-C40,G39),0) -> 26.663472 | E40: =IF(G39-D40>=$B$7,E39,G39-D40) -> 0 | G40: =IF(ROUND(G39,5)>0,G39-D40-E40,0) -> 19341.541
A41: 27 | B41: =IF($B$6<=G40,$B$6,G40+G40*$B$4/$B$5) -> 107.36432 | C41: =IF(B41>0,$B$4/$B$5*G40,0) -> 80.589754 | D41: =IF(B41>0,MIN(B41-C41,G40),0) -> 26.77457 | E41: =IF(G40-D41>=$B$7,E40,G40-D41) -> 0 | G41: =IF(ROUND(G40,5)>0,G40-D41-E41,0) -> 19314.766
A42: 28 | B42: =IF($B$6<=G41,$B$6,G41+G41*$B$4/$B$5) -> 107.36432 | C42: =IF(B42>0,$B$4/$B$5*G41,0) -> 80.478194 | D42: =IF(B42>0,MIN(B42-C42,G41),0) -> 26.886131 | E42: =IF(G41-D42>=$B$7,E41,G41-D42) -> 0 | G42: =IF(ROUND(G41,5)>0,G41-D42-E42,0) -> 19287.88
A43: 29 | B43: =IF($B$6<=G42,$B$6,G42+G42*$B$4/$B$5) -> 107.36432 | C43: =IF(B43>0,$B$4/$B$5*G42,0) -> 80.366168 | D43: =IF(B43>0,MIN(B43-C43,G42),0) -> 26.998156 | E43: =IF(G42-D43>=$B$7,E42,G42-D43) -> 0 | G43: =IF(ROUND(G42,5)>0,G42-D43-E43,0) -> 19260.882
A44: 30 | B44: =IF($B$6<=G43,$B$6,G43+G43*$B$4/$B$5) -> 107.36432 | C44: =IF(B44>0,$B$4/$B$5*G43,0) -> 80.253676 | D44: =IF(B44>0,MIN(B44-C44,G43),0) -> 27.110649 | E44: =IF(G43-D44>=$B$7,E43,G43-D44) -> 0 | G44: =IF(ROUND(G43,5)>0,G43-D44-E44,0) -> 19233.772
A45: 31 | B45: =IF($B$6<=G44,$B$6,G44+G44*$B$4/$B$5) -> 107.36432 | C45: =IF(B45>0,$B$4/$B$5*G44,0) -> 80.140715 | D45: =IF(B45>0,MIN(B45-C45,G44),0) -> 27.22361 | E45: =IF(G44-D45>=$B$7,E44,G44-D45) -> 0 | G45: =IF(ROUND(G44,5)>0,G44-D45-E45,0) -> 19206.548
A46: 32 | B46: =IF($B$6<=G45,$B$6,G45+G45*$B$4/$B$5) -> 107.36432 | C46: =IF(B46>0,$B$4/$B$5*G45,0) -> 80.027283 | D46: =IF(B46>0,MIN(B46-C46,G45),0) -> 27.337042 | E46: =IF(G45-D46>=$B$7,E45,G45-D46) -> 0 | G46: =IF(ROUND(G45,5)>0,G45-D46-E46,0) -> 19179.211
A47: 33 | B47: =IF($B$6<=G46,$B$6,G46+G46*$B$4/$B$5) -> 107.36432 | C47: =IF(B47>0,$B$4/$B$5*G46,0) -> 79.913379 | D47: =IF(B47>0,MIN(B47-C47,G46),0) -> 27.450946 | E47: =IF(G46-D47>=$B$7,E46,G46-D47) -> 0 | G47: =IF(ROUND(G46,5)>0,G46-D47-E47,0) -> 19151.76
A48: 34 | B48: =IF($B$6<=G47,$B$6,G47+G47*$B$4/$B$5) -> 107.36432 | C48: =IF(B48>0,$B$4/$B$5*G47,0) -> 79.799 | D48: =IF(B48>0,MIN(B48-C48,G47),0) -> 27.565325 | E48: =IF(G47-D48>=$B$7,E47,G47-D48) -> 0 | G48: =IF(ROUND(G47,5)>0,G47-D48-E48,0) -> 19124.195
A49: 35 | B49: =IF($B$6<=G48,$B$6,G48+G48*$B$4/$B$5) -> 107.36432 | C49: =IF(B49>0,$B$4/$B$5*G48,0) -> 79.684144 | D49: =IF(B49>0,MIN(B49-C49,G48),0) -> 27.68018 | E49: =IF(G48-D49>=$B$7,E48,G48-D49) -> 0 | G49: =IF(ROUND(G48,5)>0,G48-D49-E49,0) -> 19096.514
A50: 36 | B50: =IF($B$6<=G49,$B$6,G49+G49*$B$4/$B$5) -> 107.36432 | C50: =IF(B50>0,$B$4/$B$5*G49,0) -> 79.56881 | D50: =IF(B50>0,MIN(B50-C50,G49),0) -> 27.795514 | E50: =IF(G49-D50>=$B$7,E49,G49-D50) -> 0 | G50: =IF(ROUND(G49,5)>0,G49-D50-E50,0) -> 19068.719 | H50: =SUM(D39:D50) -> 326.03843
A51: 37 | B51: =IF($B$6<=G50,$B$6,G50+G50*$B$4/$B$5) -> 107.36432 | C51: =IF(B51>0,$B$4/$B$5*G50,0) -> 79.452996 | D51: =IF(B51>0,MIN(B51-C51,G50),0) -> 27.911329 | E51: =IF(G50-D51>=$B$7,$B$7,G50-D51)+H51 -> 0 | G51: =IF(ROUND(G50,5)>0,G50-D51-E51,0) -> 19040.808
A52: 38 | B52: =IF($B$6<=G51,$B$6,G51+G51*$B$4/$B$5) -> 107.36432 | C52: =IF(B52>0,$B$4/$B$5*G51,0) -> 79.336698 | D52: =IF(B52>0,MIN(B52-C52,G51),0) -> 28.027626 | E52: =IF(G51-D52>=$B$7,E51,G51-D52) -> 0 | G52: =IF(ROUND(G51,5)>0,G51-D52-E52,0) -> 19012.78
A53: 39 | B53: =IF($B$6<=G52,$B$6,G52+G52*$B$4/$B$5) -> 107.36432 | C53: =IF(B53>0,$B$4/$B$5*G52,0) -> 79.219917 | D53: =IF(B53>0,MIN(B53-C53,G52),0) -> 28.144408 | E53: =IF(G52-D53>=$B$7,E52,G52-D53) -> 0 | G53: =IF(ROUND(G52,5)>0,G52-D53-E53,0) -> 18984.636
A54: 40 | B54: =IF($B$6<=G53,$B$6,G53+G53*$B$4/$B$5) -> 107.36432 | C54: =IF(B54>0,$B$4/$B$5*G53,0) -> 79.102648 | D54: =IF(B54>0,MIN(B54-C54,G53),0) -> 28.261676 | E54: =IF(G53-D54>=$B$7,E53,G53-D54) -> 0 | G54: =IF(ROUND(G53,5)>0,G53-D54-E54,0) -> 18956.374
A55: 41 | B55: =IF($B$6<=G54,$B$6,G54+G54*$B$4/$B$5) -> 107.36432 | C55: =IF(B55>0,$B$4/$B$5*G54,0) -> 78.984891 | D55: =IF(B55>0,MIN(B55-C55,G54),0) -> 28.379433 | E55: =IF(G54-D55>=$B$7,E54,G54-D55) -> 0 | G55: =IF(ROUND(G54,5)>0,G54-D55-E55,0) -> 18927.994
A56: 42 | B56: =IF($B$6<=G55,$B$6,G55+G55*$B$4/$B$5) -> 107.36432 | C56: =IF(B56>0,$B$4/$B$5*G55,0) -> 78.866644 | D56: =IF(B56>0,MIN(B56-C56,G55),0) -> 28.497681 | E56: =IF(G55-D56>=$B$7,E55,G55-D56) -> 0 | G56: =IF(ROUND(G55,5)>0,G55-D56-E56,0) -> 18899.497
A57: 43 | B57: =IF($B$6<=G56,$B$6,G56+G56*$B$4/$B$5) -> 107.36432 | C57: =IF(B57>0,$B$4/$B$5*G56,0) -> 78.747903 | D57: =IF(B57>0,MIN(B57-C57,G56),0) -> 28.616421 | E57: =IF(G56-D57>=$B$7,E56,G56-D57) -> 0 | G57: =IF(ROUND(G56,5)>0,G56-D57-E57,0) -> 18870.88
A58: 44 | B58: =IF($B$6<=G57,$B$6,G57+G57*$B$4/$B$5) -> 107.36432 | C58: =IF(B58>0,$B$4/$B$5*G57,0) -> 78.628668 | D58: =IF(B58>0,MIN(B58-C58,G57),0) -> 28.735656 | E58: =IF(G57-D58>=$B$7,E57,G57-D58) -> 0 | G58: =IF(ROUND(G57,5)>0,G57-D58-E58,0) -> 18842.145
A59: 45 | B59: =IF($B$6<=G58,$B$6,G58+G58*$B$4/$B$5) -> 107.36432 | C59: =IF(B59>0,$B$4/$B$5*G58,0) -> 78.508936 | D59: =IF(B59>0,MIN(B59-C59,G58),0) -> 28.855388 | E59: =IF(G58-D59>=$B$7,E58,G58-D59) -> 0 | G59: =IF(ROUND(G58,5)>0,G58-D59-E59,0) -> 18813.289
A60: 46 | B60: =IF($B$6<=G59,$B$6,G59+G59*$B$4/$B$5) -> 107.36432 | C60: =IF(B60>0,$B$4/$B$5*G59,0) -> 78.388705 | D60: =IF(B60>0,MIN(B60-C60,G59),0) -> 28.975619 | E60: =IF(G59-D60>=$B$7,E59,G59-D60) -> 0 | G60: =IF(ROUND(G59,5)>0,G59-D60-E60,0) -> 18784.314
A61: 47 | B61: =IF($B$6<=G60,$B$6,G60+G60*$B$4/$B$5) -> 107.36432 | C61: =IF(B61>0,$B$4/$B$5*G60,0) -> 78.267974 | D61: =IF(B61>0,MIN(B61-C61,G60),0) -> 29.096351 | E61: =IF(G60-D61>=$B$7,E60,G60-D61) -> 0 | G61: =IF(ROUND(G60,5)>0,G60-D61-E61,0) -> 18755.217
A62: 48 | B62: =IF($B$6<=G61,$B$6,G61+G61*$B$4/$B$5) -> 107.36432 | C62: =IF(B62>0,$B$4/$B$5*G61,0) -> 78.146739 | D62: =IF(B62>0,MIN(B62-C62,G61),0) -> 29.217586 | E62: =IF(G61-D62>=$B$7,E61,G61-D62) -> 0 | G62: =IF(ROUND(G61,5)>0,G61-D62-E62,0) -> 18726 | H62: =SUM(D51:D62) -> 342.71918
A63: 49 | B63: =IF($B$6<=G62,$B$6,G62+G62*$B$4/$B$5) -> 107.36432 | C63: =IF(B63>0,$B$4/$B$5*G62,0) -> 78.024999 | D63: =IF(B63>0,MIN(B63-C63,G62),0) -> 29.339326 | E63: =IF(G62-D63>=$B$7,$B$7,G62-D63)+H63 -> 0 | G63: =IF(ROUND(G62,5)>0,G62-D63-E63,0) -> 18696.66
A64: 50 | B64: =IF($B$6<=G63,$B$6,G63+G63*$B$4/$B$5) -> 107.36432 | C64: =IF(B64>0,$B$4/$B$5*G63,0) -> 77.902752 | D64: =IF(B64>0,MIN(B64-C64,G63),0) -> 29.461573 | E64: =IF(G63-D64>=$B$7,E63,G63-D64) -> 0 | G64: =IF(ROUND(G63,5)>0,G63-D64-E64,0) -> 18667.199
A65: 51 | B65: =IF($B$6<=G64,$B$6,G64+G64*$B$4/$B$5) -> 107.36432 | C65: =IF(B65>0,$B$4/$B$5*G64,0) -> 77.779995 | D65: =IF(B65>0,MIN(B65-C65,G64),0) -> 29.584329 | E65: =IF(G64-D65>=$B$7,E64,G64-D65) -> 0 | G65: =IF(ROUND(G64,5)>0,G64-D65-E65,0) -> 18637.615
A66: 52 | B66: =IF($B$6<=G65,$B$6,G65+G65*$B$4/$B$5) -> 107.36432 | C66: =IF(B66>0,$B$4/$B$5*G65,0) -> 77.656727 | D66: =IF(B66>0,MIN(B66-C66,G65),0) -> 29.707597 | E66: =IF(G65-D66>=$B$7,E65,G65-D66) -> 0 | G66: =IF(ROUND(G65,5)>0,G65-D66-E66,0) -> 18607.907
A67: 53 | B67: =IF($B$6<=G66,$B$6,G66+G66*$B$4/$B$5) -> 107.36432 | C67: =IF(B67>0,$B$4/$B$5*G66,0) -> 77.532946 | D67: =IF(B67>0,MIN(B67-C67,G66),0) -> 29.831379 | E67: =IF(G66-D67>=$B$7,E66,G66-D67) -> 0 | G67: =IF(ROUND(G66,5)>0,G66-D67-E67,0) -> 18578.076
A68: 54 | B68: =IF($B$6<=G67,$B$6,G67+G67*$B$4/$B$5) -> 107.36432 | C68: =IF(B68>0,$B$4/$B$5*G67,0) -> 77.408648 | D68: =IF(B68>0,MIN(B68-C68,G67),0) -> 29.955676 | E68: =IF(G67-D68>=$B$7,E67,G67-D68) -> 0 | G68: =IF(ROUND(G67,5)>0,G67-D68-E68,0) -> 18548.12
A69: 55 | B69: =IF($B$6<=G68,$B$6,G68+G68*$B$4/$B$5) -> 107.36432 | C69: =IF(B69>0,$B$4/$B$5*G68,0) -> 77.283833 | D69: =IF(B69>0,MIN(B69-C69,G68),0) -> 30.080492 | E69: =IF(G68-D69>=$B$7,E68,G68-D69) -> 0 | G69: =IF(ROUND(G68,5)>0,G68-D69-E69,0) -> 18518.039
A70: 56 | B70: =IF($B$6<=G69,$B$6,G69+G69*$B$4/$B$5) -> 107.36432 | C70: =IF(B70>0,$B$4/$B$5*G69,0) -> 77.158497 | D70: =IF(B70>0,MIN(B70-C70,G69),0) -> 30.205827 | E70: =IF(G69-D70>=$B$7,E69,G69-D70) -> 0 | G70: =IF(ROUND(G69,5)>0,G69-D70-E70,0) -> 18487.834
A71: 57 | B71: =IF($B$6<=G70,$B$6,G70+G70*$B$4/$B$5) -> 107.36432 | C71: =IF(B71>0,$B$4/$B$5*G70,0) -> 77.03264 | D71: =IF(B71>0,MIN(B71-C71,G70),0) -> 30.331685 | E71: =IF(G70-D71>=$B$7,E70,G70-D71) -> 0 | G71: =IF(ROUND(G70,5)>0,G70-D71-E71,0) -> 18457.502
A72: 58 | B72: =IF($B$6<=G71,$B$6,G71+G71*$B$4/$B$5) -> 107.36432 | C72: =IF(B72>0,$B$4/$B$5*G71,0) -> 76.906258 | D72: =IF(B72>0,MIN(B72-C72,G71),0) -> 30.458067 | E72: =IF(G71-D72>=$B$7,E71,G71-D72) -> 0 | G72: =IF(ROUND(G71,5)>0,G71-D72-E72,0) -> 18427.044
A73: 59 | B73: =IF($B$6<=G72,$B$6,G72+G72*$B$4/$B$5) -> 107.36432 | C73: =IF(B73>0,$B$4/$B$5*G72,0) -> 76.779349 | D73: =IF(B73>0,MIN(B73-C73,G72),0) -> 30.584975 | E73: =IF(G72-D73>=$B$7,E72,G72-D73) -> 0 | G73: =IF(ROUND(G72,5)>0,G72-D73-E73,0) -> 18396.459
A74: 60 | B74: =IF($B$6<=G73,$B$6,G73+G73*$B$4/$B$5) -> 107.36432 | C74: =IF(B74>0,$B$4/$B$5*G73,0) -> 76.651912 | D74: =IF(B74>0,MIN(B74-C74,G73),0) -> 30.712413 | E74: =IF(G73-D74>=$B$7,E73,G73-D74) -> 0 | G74: =IF(ROUND(G73,5)>0,G73-D74-E74,0) -> 18365.746 | H74: =SUM(D63:D74) -> 360.25334
A75: 61 | B75: =IF($B$6<=G74,$B$6,G74+G74*$B$4/$B$5) -> 107.36432 | C75: =IF(B75>0,$B$4/$B$5*G74,0) -> 76.523943 | D75: =IF(B75>0,MIN(B75-C75,G74),0) -> 30.840381 | E75: =IF(G74-D75>=$B$7,$B$7,G74-D75)+H75 -> 0 | G75: =IF(ROUND(G74,5)>0,G74-D75-E75,0) -> 18334.906 | H75: =+H63+B8 -> 0
A76: 62 | B76: =IF($B$6<=G75,$B$6,G75+G75*$B$4/$B$5) -> 107.36432 | C76: =IF(B76>0,$B$4/$B$5*G75,0) -> 76.395442 | D76: =IF(B76>0,MIN(B76-C76,G75),0) -> 30.968883 | E76: =IF(G75-D76>=$B$7,E75,G75-D76) -> 0 | G76: =IF(ROUND(G75,5)>0,G75-D76-E76,0) -> 18303.937
A77: 63 | B77: =IF($B$6<=G76,$B$6,G76+G76*$B$4/$B$5) -> 107.36432 | C77: =IF(B77>0,$B$4/$B$5*G76,0) -> 76.266405 | D77: =IF(B77>0,MIN(B77-C77,G76),0) -> 31.09792 | E77: =IF(G76-D77>=$B$7,E76,G76-D77) -> 0 | G77: =IF(ROUND(G76,5)>0,G76-D77-E77,0) -> 18272.839
A78: 64 | B78: =IF($B$6<=G77,$B$6,G77+G77*$B$4/$B$5) -> 107.36432 | C78: =IF(B78>0,$B$4/$B$5*G77,0) -> 76.13683 | D78: =IF(B78>0,MIN(B78-C78,G77),0) -> 31.227494 | E78: =IF(G77-D78>=$B$7,E77,G77-D78) -> 0 | G78: =IF(ROUND(G77,5)>0,G77-D78-E78,0) -> 18241.612
A79: 65 | B79: =IF($B$6<=G78,$B$6,G78+G78*$B$4/$B$5) -> 107.36432 | C79: =IF(B79>0,$B$4/$B$5*G78,0) -> 76.006716 | D79: =IF(B79>0,MIN(B79-C79,G78),0) -> 31.357609 | E79: =IF(G78-D79>=$B$7,E78,G78-D79) -> 0 | G79: =IF(ROUND(G78,5)>0,G78-D79-E79,0) -> 18210.254
A80: 66 | B80: =IF($B$6<=G79,$B$6,G79+G79*$B$4/$B$5) -> 107.36432 | C80: =IF(B80>0,$B$4/$B$5*G79,0) -> 75.876059 | D80: =IF(B80>0,MIN(B80-C80,G79),0) -> 31.488266 | E80: =IF(G79-D80>=$B$7,E79,G79-D80) -> 0 | G80: =IF(ROUND(G79,5)>0,G79-D80-E80,0) -> 18178.766
A81: 67 | B81: =IF($B$6<=G80,$B$6,G80+G80*$B$4/$B$5) -> 107.36432 | C81: =IF(B81>0,$B$4/$B$5*G80,0) -> 75.744858 | D81: =IF(B81>0,MIN(B81-C81,G80),0) -> 31.619467 | E81: =IF(G80-D81>=$B$7,E80,G80-D81) -> 0 | G81: =IF(ROUND(G80,5)>0,G80-D81-E81,0) -> 18147.146
A82: 68 | B82: =IF($B$6<=G81,$B$6,G81+G81*$B$4/$B$5) -> 107.36432 | C82: =IF(B82>0,$B$4/$B$5*G81,0) -> 75.61311 | D82: =IF(B82>0,MIN(B82-C82,G81),0) -> 31.751215 | E82: =IF(G81-D82>=$B$7,E81,G81-D82) -> 0 | G82: =IF(ROUND(G81,5)>0,G81-D82-E82,0) -> 18115.395
A83: 69 | B83: =IF($B$6<=G82,$B$6,G82+G82*$B$4/$B$5) -> 107.36432 | C83: =IF(B83>0,$B$4/$B$5*G82,0) -> 75.480813 | D83: =IF(B83>0,MIN(B83-C83,G82),0) -> 31.883511 | E83: =IF(G82-D83>=$B$7,E82,G82-D83) -> 0 | G83: =IF(ROUND(G82,5)>0,G82-D83-E83,0) -> 18083.512
A84: 70 | B84: =IF($B$6<=G83,$B$6,G83+G83*$B$4/$B$5) -> 107.36432 | C84: =IF(B84>0,$B$4/$B$5*G83,0) -> 75.347965 | D84: =IF(B84>0,MIN(B84-C84,G83),0) -> 32.016359 | E84: =IF(G83-D84>=$B$7,E83,G83-D84) -> 0 | G84: =IF(ROUND(G83,5)>0,G83-D84-E84,0) -> 18051.495
A85: 71 | B85: =IF($B$6<=G84,$B$6,G84+G84*$B$4/$B$5) -> 107.36432 | C85: =IF(B85>0,$B$4/$B$5*G84,0) -> 75.214564 | D85: =IF(B85>0,MIN(B85-C85,G84),0) -> 32.149761 | E85: =IF(G84-D85>=$B$7,E84,G84-D85) -> 0 | G85: =IF(ROUND(G84,5)>0,G84-D85-E85,0) -> 18019.346
A86: 72 | B86: =IF($B$6<=G85,$B$6,G85+G85*$B$4/$B$5) -> 107.36432 | C86: =IF(B86>0,$B$4/$B$5*G85,0) -> 75.080606 | D86: =IF(B86>0,MIN(B86-C86,G85),0) -> 32.283718 | E86: =IF(G85-D86>=$B$7,E85,G85-D86) -> 0 | G86: =IF(ROUND(G85,5)>0,G85-D86-E86,0) -> 17987.062 | H86: =SUM(D75:D86) -> 378.68458
A87: 73 | B87: =IF($B$6<=G86,$B$6,G86+G86*$B$4/$B$5) -> 107.36432 | C87: =IF(B87>0,$B$4/$B$5*G86,0) -> 74.946091 | D87: =IF(B87>0,MIN(B87-C87,G86),0) -> 32.418234 | E87: =IF(G86-D87>=$B$7,$B$7,G86-D87)+H87 -> 0 | G87: =IF(ROUND(G86,5)>0,G86-D87-E87,0) -> 17954.644 | H87: =H75+B8 -> 0
A88: 74 | B88: =IF($B$6<=G87,$B$6,G87+G87*$B$4/$B$5) -> 107.36432 | C88: =IF(B88>0,$B$4/$B$5*G87,0) -> 74.811015 | D88: =IF(B88>0,MIN(B88-C88,G87),0) -> 32.55331 | E88: =IF(G87-D88>=$B$7,E87,G87-D88) -> 0 | G88: =IF(ROUND(G87,5)>0,G87-D88-E88,0) -> 17922.09
A89: 75 | B89: =IF($B$6<=G88,$B$6,G88+G88*$B$4/$B$5) -> 107.36432 | C89: =IF(B89>0,$B$4/$B$5*G88,0) -> 74.675376 | D89: =IF(B89>0,MIN(B89-C89,G88),0) -> 32.688948 | E89: =IF(G88-D89>=$B$7,E88,G88-D89) -> 0 | G89: =IF(ROUND(G88,5)>0,G88-D89-E89,0) -> 17889.401
A90: 76 | B90: =IF($B$6<=G89,$B$6,G89+G89*$B$4/$B$5) -> 107.36432 | C90: =IF(B90>0,$B$4/$B$5*G89,0) -> 74.539172 | D90: =IF(B90>0,MIN(B90-C90,G89),0) -> 32.825152 | E90: =IF(G89-D90>=$B$7,E89,G89-D90) -> 0 | G90: =IF(ROUND(G89,5)>0,G89-D90-E90,0) -> 17856.576
A91: 77 | B91: =IF($B$6<=G90,$B$6,G90+G90*$B$4/$B$5) -> 107.36432 | C91: =IF(B91>0,$B$4/$B$5*G90,0) -> 74.402401 | D91: =IF(B91>0,MIN(B91-C91,G90),0) -> 32.961924 | E91: =IF(G90-D91>=$B$7,E90,G90-D91) -> 0 | G91: =IF(ROUND(G90,5)>0,G90-D91-E91,0) -> 17823.614
A92: 78 | B92: =IF($B$6<=G91,$B$6,G91+G91*$B$4/$B$5) -> 107.36432 | C92: =IF(B92>0,$B$4/$B$5*G91,0) -> 74.265059 | D92: =IF(B92>0,MIN(B92-C92,G91),0) -> 33.099265 | E92: =IF(G91-D92>=$B$7,E91,G91-D92) -> 0 | G92: =IF(ROUND(G91,5)>0,G91-D92-E92,0) -> 17790.515
A93: 79 | B93: =IF($B$6<=G92,$B$6,G92+G92*$B$4/$B$5) -> 107.36432 | C93: =IF(B93>0,$B$4/$B$5*G92,0) -> 74.127146 | D93: =IF(B93>0,MIN(B93-C93,G92),0) -> 33.237179 | E93: =IF(G92-D93>=$B$7,E92,G92-D93) -> 0 | G93: =IF(ROUND(G92,5)>0,G92-D93-E93,0) -> 17757.278
A94: 80 | B94: =IF($B$6<=G93,$B$6,G93+G93*$B$4/$B$5) -> 107.36432 | C94: =IF(B94>0,$B$4/$B$5*G93,0) -> 73.988658 | D94: =IF(B94>0,MIN(B94-C94,G93),0) -> 33.375667 | E94: =IF(G93-D94>=$B$7,E93,G93-D94) -> 0 | G94: =IF(ROUND(G93,5)>0,G93-D94-E94,0) -> 17723.902
A95: 81 | B95: =IF($B$6<=G94,$B$6,G94+G94*$B$4/$B$5) -> 107.36432 | C95: =IF(B95>0,$B$4/$B$5*G94,0) -> 73.849592 | D95: =IF(B95>0,MIN(B95-C95,G94),0) -> 33.514732 | E95: =IF(G94-D95>=$B$7,E94,G94-D95) -> 0 | G95: =IF(ROUND(G94,5)>0,G94-D95-E95,0) -> 17690.387
A96: 82 | B96: =IF($B$6<=G95,$B$6,G95+G95*$B$4/$B$5) -> 107.36432 | C96: =IF(B96>0,$B$4/$B$5*G95,0) -> 73.709948 | D96: =IF(B96>0,MIN(B96-C96,G95),0) -> 33.654377 | E96: =IF(G95-D96>=$B$7,E95,G95-D96) -> 0 | G96: =IF(ROUND(G95,5)>0,G95-D96-E96,0) -> 17656.733
A97: 83 | B97: =IF($B$6<=G96,$B$6,G96+G96*$B$4/$B$5) -> 107.36432 | C97: =IF(B97>0,$B$4/$B$5*G96,0) -> 73.569721 | D97: =IF(B97>0,MIN(B97-C97,G96),0) -> 33.794604 | E97: =IF(G96-D97>=$B$7,E96,G96-D97) -> 0 | G97: =IF(ROUND(G96,5)>0,G96-D97-E97,0) -> 17622.938
A98: 84 | B98: =IF($B$6<=G97,$B$6,G97+G97*$B$4/$B$5) -> 107.36432 | C98: =IF(B98>0,$B$4/$B$5*G97,0) -> 73.42891 | D98: =IF(B98>0,MIN(B98-C98,G97),0) -> 33.935414 | E98: =IF(G97-D98>=$B$7,E97,G97-D98) -> 0 | G98: =IF(ROUND(G97,5)>0,G97-D98-E98,0) -> 17589.003 | H98: =SUM(D87:D98) -> 398.05881
A99: 85 | B99: =IF($B$6<=G98,$B$6,G98+G98*$B$4/$B$5) -> 107.36432 | C99: =IF(B99>0,$B$4/$B$5*G98,0) -> 73.287513 | D99: =IF(B99>0,MIN(B99-C99,G98),0) -> 34.076812 | E99: =IF(G98-D99>=$B$7,$B$7,G98-D99)+H99 -> 0 | G99: =IF(ROUND(G98,5)>0,G98-D99-E99,0) -> 17554.926 | H99: =+H87+B8 -> 0
A100: 86 | B100: =IF($B$6<=G99,$B$6,G99+G99*$B$4/$B$5) -> 107.36432 | C100: =IF(B100>0,$B$4/$B$5*G99,0) -> 73.145526 | D100: =IF(B100>0,MIN(B100-C100,G99),0) -> 34.218799 | E100: =IF(G99-D100>=$B$7,E99,G99-D100) -> 0 | G100: =IF(ROUND(G99,5)>0,G99-D100-E100,0) -> 17520.707
A101: 87 | B101: =IF($B$6<=G100,$B$6,G100+G100*$B$4/$B$5) -> 107.36432 | C101: =IF(B101>0,$B$4/$B$5*G100,0) -> 73.002948 | D101: =IF(B101>0,MIN(B101-C101,G100),0) -> 34.361377 | E101: =IF(G100-D101>=$B$7,E100,G100-D101) -> 0 | G101: =IF(ROUND(G100,5)>0,G100-D101-E101,0) -> 17486.346
A102: 88 | B102: =IF($B$6<=G101,$B$6,G101+G101*$B$4/$B$5) -> 107.36432 | C102: =IF(B102>0,$B$4/$B$5*G101,0) -> 72.859775 | D102: =IF(B102>0,MIN(B102-C102,G101),0) -> 34.504549 | E102: =IF(G101-D102>=$B$7,E101,G101-D102) -> 0 | G102: =IF(ROUND(G101,5)>0,G101-D102-E102,0) -> 17451.841
...

Sheet Interest Calculations
A1: Loan Amount | C1: ='Analysis Worksheet'!F11 -> 313600
A2: Interest Rate | C2: ='Analysis Worksheet'!F12 -> 0.07
A3: # of Periods | C3: ='Analysis Worksheet'!F17*'Analysis Worksheet'!F16 -> 360
A4: Period # | C4: Principal | D4: Interest | E4: Total Mortgage Debt | F4: Total Debt Pay Down | G4: Annual Debt Pay Down | H4: Year
A5: 1 | C5: =PPMT(C$2/12,A5,C$3,C$1*-1) -> 257.05529 | D5: =IPMT(C$2/12,A5,C$3,C$1*-1) -> 1829.3333 | H5: =ROUNDUP(A5/12,0) -> 1
A6: 2 | C6: =PPMT(C$2/12,A6,C$3,C$1*-1) -> 258.55478 | D6: =IPMT(C$2/12,A6,C$3,C$1*-1) -> 1827.8338 | H6: =ROUNDUP(A6/12,0) -> 1
A7: 3 | C7: =PPMT(C$2/12,A7,C$3,C$1*-1) -> 260.06302 | D7: =IPMT(C$2/12,A7,C$3,C$1*-1) -> 1826.3256 | H7: =ROUNDUP(A7/12,0) -> 1
A8: 4 | C8: =PPMT(C$2/12,A8,C$3,C$1*-1) -> 261.58005 | D8: =IPMT(C$2/12,A8,C$3,C$1*-1) -> 1824.8086 | H8: =ROUNDUP(A8/12,0) -> 1
A9: 5 | C9: =PPMT(C$2/12,A9,C$3,C$1*-1) -> 263.10593 | D9: =IPMT(C$2/12,A9,C$3,C$1*-1) -> 1823.2827 | H9: =ROUNDUP(A9/12,0) -> 1
A10: 6 | C10: =PPMT(C$2/12,A10,C$3,C$1*-1) -> 264.64072 | D10: =IPMT(C$2/12,A10,C$3,C$1*-1) -> 1821.7479 | H10: =ROUNDUP(A10/12,0) -> 1
A11: 7 | C11: =PPMT(C$2/12,A11,C$3,C$1*-1) -> 266.18446 | D11: =IPMT(C$2/12,A11,C$3,C$1*-1) -> 1820.2042 | H11: =ROUNDUP(A11/12,0) -> 1
A12: 8 | C12: =PPMT(C$2/12,A12,C$3,C$1*-1) -> 267.7372 | D12: =IPMT(C$2/12,A12,C$3,C$1*-1) -> 1818.6514 | H12: =ROUNDUP(A12/12,0) -> 1
A13: 9 | C13: =PPMT(C$2/12,A13,C$3,C$1*-1) -> 269.299 | D13: =IPMT(C$2/12,A13,C$3,C$1*-1) -> 1817.0896 | H13: =ROUNDUP(A13/12,0) -> 1
A14: 10 | C14: =PPMT(C$2/12,A14,C$3,C$1*-1) -> 270.86991 | D14: =IPMT(C$2/12,A14,C$3,C$1*-1) -> 1815.5187 | H14: =ROUNDUP(A14/12,0) -> 1
A15: 11 | C15: =PPMT(C$2/12,A15,C$3,C$1*-1) -> 272.44999 | D15: =IPMT(C$2/12,A15,C$3,C$1*-1) -> 1813.9386 | H15: =ROUNDUP(A15/12,0) -> 1
A16: 12 | C16: =PPMT(C$2/12,A16,C$3,C$1*-1) -> 274.03928 | D16: =IPMT(C$2/12,A16,C$3,C$1*-1) -> 1812.3493 | E16: =C1-SUM(C5:C16) -> 310414.42 | F16: =SUM(C5:C16) -> 3185.5796 | G16: =SUM(C5:C16) -> 3185.5796 | H16: =ROUNDUP(A16/12,0) -> 1
A17: 13 | C17: =PPMT(C$2/12,A17,C$3,C$1*-1) -> 275.63784 | D17: =IPMT(C$2/12,A17,C$3,C$1*-1) -> 1810.7508 | H17: =ROUNDUP(A17/12,0) -> 2
A18: 14 | C18: =PPMT(C$2/12,A18,C$3,C$1*-1) -> 277.24573 | D18: =IPMT(C$2/12,A18,C$3,C$1*-1) -> 1809.1429 | H18: =ROUNDUP(A18/12,0) -> 2
A19: 15 | C19: =PPMT(C$2/12,A19,C$3,C$1*-1) -> 278.86299 | D19: =IPMT(C$2/12,A19,C$3,C$1*-1) -> 1807.5256 | H19: =ROUNDUP(A19/12,0) -> 2
A20: 16 | C20: =PPMT(C$2/12,A20,C$3,C$1*-1) -> 280.48969 | D20: =IPMT(C$2/12,A20,C$3,C$1*-1) -> 1805.8989 | H20: =ROUNDUP(A20/12,0) -> 2
A21: 17 | C21: =PPMT(C$2/12,A21,C$3,C$1*-1) -> 282.12588 | D21: =IPMT(C$2/12,A21,C$3,C$1*-1) -> 1804.2627 | H21: =ROUNDUP(A21/12,0) -> 2
A22: 18 | C22: =PPMT(C$2/12,A22,C$3,C$1*-1) -> 283.77162 | D22: =IPMT(C$2/12,A22,C$3,C$1*-1) -> 1802.617 | H22: =ROUNDUP(A22/12,0) -> 2
A23: 19 | C23: =PPMT(C$2/12,A23,C$3,C$1*-1) -> 285.42695 | D23: =IPMT(C$2/12,A23,C$3,C$1*-1) -> 1800.9617 | H23: =ROUNDUP(A23/12,0) -> 2
A24: 20 | C24: =PPMT(C$2/12,A24,C$3,C$1*-1) -> 287.09194 | D24: =IPMT(C$2/12,A24,C$3,C$1*-1) -> 1799.2967 | H24: =ROUNDUP(A24/12,0) -> 2
A25: 21 | C25: =PPMT(C$2/12,A25,C$3,C$1*-1) -> 288.76665 | D25: =IPMT(C$2/12,A25,C$3,C$1*-1) -> 1797.622 | H25: =ROUNDUP(A25/12,0) -> 2
A26: 22 | C26: =PPMT(C$2/12,A26,C$3,C$1*-1) -> 290.45112 | D26: =IPMT(C$2/12,A26,C$3,C$1*-1) -> 1795.9375 | H26: =ROUNDUP(A26/12,0) -> 2
A27: 23 | C27: =PPMT(C$2/12,A27,C$3,C$1*-1) -> 292.14542 | D27: =IPMT(C$2/12,A27,C$3,C$1*-1) -> 1794.2432 | H27: =ROUNDUP(A27/12,0) -> 2
A28: 24 | C28: =PPMT(C$2/12,A28,C$3,C$1*-1) -> 293.8496 | D28: =IPMT(C$2/12,A28,C$3,C$1*-1) -> 1792.539 | E28: =C1-SUM(C5:C28) -> 306998.55 | F28: =SUM(C5:C28) -> 6601.4451 | G28: =SUM(C17:C28) -> 3415.8654 | H28: =ROUNDUP(A28/12,0) -> 2
A29: 25 | C29: =PPMT(C$2/12,A29,C$3,C$1*-1) -> 295.56372 | D29: =IPMT(C$2/12,A29,C$3,C$1*-1) -> 1790.8249 | H29: =ROUNDUP(A29/12,0) -> 3
A30: 26 | C30: =PPMT(C$2/12,A30,C$3,C$1*-1) -> 297.28784 | D30: =IPMT(C$2/12,A30,C$3,C$1*-1) -> 1789.1008 | H30: =ROUNDUP(A30/12,0) -> 3
A31: 27 | C31: =PPMT(C$2/12,A31,C$3,C$1*-1) -> 299.02202 | D31: =IPMT(C$2/12,A31,C$3,C$1*-1) -> 1787.3666 | H31: =ROUNDUP(A31/12,0) -> 3
A32: 28 | C32: =PPMT(C$2/12,A32,C$3,C$1*-1) -> 300.76632 | D32: =IPMT(C$2/12,A32,C$3,C$1*-1) -> 1785.6223 | H32: =ROUNDUP(A32/12,0) -> 3
A33: 29 | C33: =PPMT(C$2/12,A33,C$3,C$1*-1) -> 302.52079 | D33: =IPMT(C$2/12,A33,C$3,C$1*-1) -> 1783.8678 | H33: =ROUNDUP(A33/12,0) -> 3
A34: 30 | C34: =PPMT(C$2/12,A34,C$3,C$1*-1) -> 304.28549 | D34: =IPMT(C$2/12,A34,C$3,C$1*-1) -> 1782.1031 | H34: =ROUNDUP(A34/12,0) -> 3
A35: 31 | C35: =PPMT(C$2/12,A35,C$3,C$1*-1) -> 306.06049 | D35: =IPMT(C$2/12,A35,C$3,C$1*-1) -> 1780.3281 | H35: =ROUNDUP(A35/12,0) -> 3
A36: 32 | C36: =PPMT(C$2/12,A36,C$3,C$1*-1) -> 307.84584 | D36: =IPMT(C$2/12,A36,C$3,C$1*-1) -> 1778.5428 | H36: =ROUNDUP(A36/12,0) -> 3
A37: 33 | C37: =PPMT(C$2/12,A37,C$3,C$1*-1) -> 309.64161 | D37: =IPMT(C$2/12,A37,C$3,C$1*-1) -> 1776.747 | H37: =ROUNDUP(A37/12,0) -> 3
A38: 34 | C38: =PPMT(C$2/12,A38,C$3,C$1*-1) -> 311.44785 | D38: =IPMT(C$2/12,A38,C$3,C$1*-1) -> 1774.9408 | H38: =ROUNDUP(A38/12,0) -> 3
A39: 35 | C39: =PPMT(C$2/12,A39,C$3,C$1*-1) -> 313.26463 | D39: =IPMT(C$2/12,A39,C$3,C$1*-1) -> 1773.124 | H39: =ROUNDUP(A39/12,0) -> 3
A40: 36 | C40: =PPMT(C$2/12,A40,C$3,C$1*-1) -> 315.09201 | D40: =IPMT(C$2/12,A40,C$3,C$1*-1) -> 1771.2966 | E40: =C1-SUM(C5:C40) -> 303335.76 | F40: =SUM(C5:C40) -> 10264.244 | G40: =SUM(C29:C40) -> 3662.7986 | H40: =ROUNDUP(A40/12,0) -> 3
A41: 37 | C41: =PPMT(C$2/12,A41,C$3,C$1*-1) -> 316.93005 | D41: =IPMT(C$2/12,A41,C$3,C$1*-1) -> 1769.4586 | H41: =ROUNDUP(A41/12,0) -> 4
A42: 38 | C42: =PPMT(C$2/12,A42,C$3,C$1*-1) -> 318.7788 | D42: =IPMT(C$2/12,A42,C$3,C$1*-1) -> 1767.6098 | H42: =ROUNDUP(A42/12,0) -> 4
A43: 39 | C43: =PPMT(C$2/12,A43,C$3,C$1*-1) -> 320.63835 | D43: =IPMT(C$2/12,A43,C$3,C$1*-1) -> 1765.7503 | H43: =ROUNDUP(A43/12,0) -> 4
A44: 40 | C44: =PPMT(C$2/12,A44,C$3,C$1*-1) -> 322.50874 | D44: =IPMT(C$2/12,A44,C$3,C$1*-1) -> 1763.8799 | H44: =ROUNDUP(A44/12,0) -> 4
A45: 41 | C45: =PPMT(C$2/12,A45,C$3,C$1*-1) -> 324.39004 | D45: =IPMT(C$2/12,A45,C$3,C$1*-1) -> 1761.9986 | H45: =ROUNDUP(A45/12,0) -> 4
A46: 42 | C46: =PPMT(C$2/12,A46,C$3,C$1*-1) -> 326.28231 | D46: =IPMT(C$2/12,A46,C$3,C$1*-1) -> 1760.1063 | H46: =ROUNDUP(A46/12,0) -> 4
A47: 43 | C47: =PPMT(C$2/12,A47,C$3,C$1*-1) -> 328.18563 | D47: =IPMT(C$2/12,A47,C$3,C$1*-1) -> 1758.203 | H47: =ROUNDUP(A47/12,0) -> 4
A48: 44 | C48: =PPMT(C$2/12,A48,C$3,C$1*-1) -> 330.10004 | D48: =IPMT(C$2/12,A48,C$3,C$1*-1) -> 1756.2886 | H48: =ROUNDUP(A48/12,0) -> 4
A49: 45 | C49: =PPMT(C$2/12,A49,C$3,C$1*-1) -> 332.02563 | D49: =IPMT(C$2/12,A49,C$3,C$1*-1) -> 1754.363 | H49: =ROUNDUP(A49/12,0) -> 4
A50: 46 | C50: =PPMT(C$2/12,A50,C$3,C$1*-1) -> 333.96244 | D50: =IPMT(C$2/12,A50,C$3,C$1*-1) -> 1752.4262 | H50: =ROUNDUP(A50/12,0) -> 4
A51: 47 | C51: =PPMT(C$2/12,A51,C$3,C$1*-1) -> 335.91056 | D51: =IPMT(C$2/12,A51,C$3,C$1*-1) -> 1750.4781 | H51: =ROUNDUP(A51/12,0) -> 4
A52: 48 | C52: =PPMT(C$2/12,A52,C$3,C$1*-1) -> 337.87004 | D52: =IPMT(C$2/12,A52,C$3,C$1*-1) -> 1748.5186 | E52: =C1-SUM(C5:C52) -> 299408.17 | F52: =SUM(C5:C52) -> 14191.826 | G52: =SUM(C41:C52) -> 3927.5826 | H52: =ROUNDUP(A52/12,0) -> 4
A53: 49 | C53: =PPMT(C$2/12,A53,C$3,C$1*-1) -> 339.84095 | D53: =IPMT(C$2/12,A53,C$3,C$1*-1) -> 1746.5477 | H53: =ROUNDUP(A53/12,0) -> 5
A54: 50 | C54: =PPMT(C$2/12,A54,C$3,C$1*-1) -> 341.82335 | D54: =IPMT(C$2/12,A54,C$3,C$1*-1) -> 1744.5653 | H54: =ROUNDUP(A54/12,0) -> 5
A55: 51 | C55: =PPMT(C$2/12,A55,C$3,C$1*-1) -> 343.81732 | D55: =IPMT(C$2/12,A55,C$3,C$1*-1) -> 1742.5713 | H55: =ROUNDUP(A55/12,0) -> 5
A56: 52 | C56: =PPMT(C$2/12,A56,C$3,C$1*-1) -> 345.82292 | D56: =IPMT(C$2/12,A56,C$3,C$1*-1) -> 1740.5657 | H56: =ROUNDUP(A56/12,0) -> 5
A57: 53 | C57: =PPMT(C$2/12,A57,C$3,C$1*-1) -> 347.84022 | D57: =IPMT(C$2/12,A57,C$3,C$1*-1) -> 1738.5484 | H57: =ROUNDUP(A57/12,0) -> 5
A58: 54 | C58: =PPMT(C$2/12,A58,C$3,C$1*-1) -> 349.86929 | D58: =IPMT(C$2/12,A58,C$3,C$1*-1) -> 1736.5193 | H58: =ROUNDUP(A58/12,0) -> 5
A59: 55 | C59: =PPMT(C$2/12,A59,C$3,C$1*-1) -> 351.91019 | D59: =IPMT(C$2/12,A59,C$3,C$1*-1) -> 1734.4784 | H59: =ROUNDUP(A59/12,0) -> 5
A60: 56 | C60: =PPMT(C$2/12,A60,C$3,C$1*-1) -> 353.963 | D60: =IPMT(C$2/12,A60,C$3,C$1*-1) -> 1732.4256 | H60: =ROUNDUP(A60/12,0) -> 5
A61: 57 | C61: =PPMT(C$2/12,A61,C$3,C$1*-1) -> 356.02779 | D61: =IPMT(C$2/12,A61,C$3,C$1*-1) -> 1730.3608 | H61: =ROUNDUP(A61/12,0) -> 5
A62: 58 | C62: =PPMT(C$2/12,A62,C$3,C$1*-1) -> 358.10462 | D62: =IPMT(C$2/12,A62,C$3,C$1*-1) -> 1728.284 | H62: =ROUNDUP(A62/12,0) -> 5
A63: 59 | C63: =PPMT(C$2/12,A63,C$3,C$1*-1) -> 360.19356 | D63: =IPMT(C$2/12,A63,C$3,C$1*-1) -> 1726.1951 | H63: =ROUNDUP(A63/12,0) -> 5
A64: 60 | C64: =PPMT(C$2/12,A64,C$3,C$1*-1) -> 362.29469 | D64: =IPMT(C$2/12,A64,C$3,C$1*-1) -> 1724.0939 | E64: =C1-SUM(C5:C64) -> 295196.67 | F64: =SUM(C5:C64) -> 18403.334 | G64: =SUM(C53:C64) -> 4211.5079 | H64: =ROUNDUP(A64/12,0) -> 5
A65: 61 | C65: =PPMT(C$2/12,A65,C$3,C$1*-1) -> 364.40807 | D65: =IPMT(C$2/12,A65,C$3,C$1*-1) -> 1721.9806 | H65: =ROUNDUP(A65/12,0) -> 6
A66: 62 | C66: =PPMT(C$2/12,A66,C$3,C$1*-1) -> 366.53379 | D66: =IPMT(C$2/12,A66,C$3,C$1*-1) -> 1719.8548 | H66: =ROUNDUP(A66/12,0) -> 6
A67: 63 | C67: =PPMT(C$2/12,A67,C$3,C$1*-1) -> 368.6719 | D67: =IPMT(C$2/12,A67,C$3,C$1*-1) -> 1717.7167 | H67: =ROUNDUP(A67/12,0) -> 6
A68: 64 | C68: =PPMT(C$2/12,A68,C$3,C$1*-1) -> 370.82249 | D68: =IPMT(C$2/12,A68,C$3,C$1*-1) -> 1715.5661 | H68: =ROUNDUP(A68/12,0) -> 6
A69: 65 | C69: =PPMT(C$2/12,A69,C$3,C$1*-1) -> 372.98562 | D69: =IPMT(C$2/12,A69,C$3,C$1*-1) -> 1713.403 | H69: =ROUNDUP(A69/12,0) -> 6
A70: 66 | C70: =PPMT(C$2/12,A70,C$3,C$1*-1) -> 375.16137 | D70: =IPMT(C$2/12,A70,C$3,C$1*-1) -> 1711.2273 | H70: =ROUNDUP(A70/12,0) -> 6
A71: 67 | C71: =PPMT(C$2/12,A71,C$3,C$1*-1) -> 377.34981 | D71: =IPMT(C$2/12,A71,C$3,C$1*-1) -> 1709.0388 | H71: =ROUNDUP(A71/12,0) -> 6
A72: 68 | C72: =PPMT(C$2/12,A72,C$3,C$1*-1) -> 379.55102 | D72: =IPMT(C$2/12,A72,C$3,C$1*-1) -> 1706.8376 | H72: =ROUNDUP(A72/12,0) -> 6
A73: 69 | C73: =PPMT(C$2/12,A73,C$3,C$1*-1) -> 381.76506 | D73: =IPMT(C$2/12,A73,C$3,C$1*-1) -> 1704.6236 | H73: =ROUNDUP(A73/12,0) -> 6
A74: 70 | C74: =PPMT(C$2/12,A74,C$3,C$1*-1) -> 383.99203 | D74: =IPMT(C$2/12,A74,C$3,C$1*-1) -> 1702.3966 | H74: =ROUNDUP(A74/12,0) -> 6
A75: 71 | C75: =PPMT(C$2/12,A75,C$3,C$1*-1) -> 386.23198 | D75: =IPMT(C$2/12,A75,C$3,C$1*-1) -> 1700.1566 | H75: =ROUNDUP(A75/12,0) -> 6
A76: 72 | C76: =PPMT(C$2/12,A76,C$3,C$1*-1) -> 388.485 | D76: =IPMT(C$2/12,A76,C$3,C$1*-1) -> 1697.9036 | E76: =C1-SUM(C4:C76) -> 290680.71 | F76: =SUM(C5:C76) -> 22919.292 | G76: =SUM(C65:C76) -> 4515.9581 | H76: =ROUNDUP(A76/12,0) -> 6
A77: 73 | C77: =PPMT(C$2/12,A77,C$3,C$1*-1) -> 390.75116 | D77: =IPMT(C$2/12,A77,C$3,C$1*-1) -> 1695.6375 | H77: =ROUNDUP(A77/12,0) -> 7
A78: 74 | C78: =PPMT(C$2/12,A78,C$3,C$1*-1) -> 393.03055 | D78: =IPMT(C$2/12,A78,C$3,C$1*-1) -> 1693.3581 | H78: =ROUNDUP(A78/12,0) -> 7
A79: 75 | C79: =PPMT(C$2/12,A79,C$3,C$1*-1) -> 395.32322 | D79: =IPMT(C$2/12,A79,C$3,C$1*-1) -> 1691.0654 | H79: =ROUNDUP(A79/12,0) -> 7
A80: 76 | C80: =PPMT(C$2/12,A80,C$3,C$1*-1) -> 397.62928 | D80: =IPMT(C$2/12,A80,C$3,C$1*-1) -> 1688.7593 | H80: =ROUNDUP(A80/12,0) -> 7
A81: 77 | C81: =PPMT(C$2/12,A81,C$3,C$1*-1) -> 399.94878 | D81: =IPMT(C$2/12,A81,C$3,C$1*-1) -> 1686.4398 | H81: =ROUNDUP(A81/12,0) -> 7
A82: 78 | C82: =PPMT(C$2/12,A82,C$3,C$1*-1) -> 402.28181 | D82: =IPMT(C$2/12,A82,C$3,C$1*-1) -> 1684.1068 | H82: =ROUNDUP(A82/12,0) -> 7
A83: 79 | C83: =PPMT(C$2/12,A83,C$3,C$1*-1) -> 404.62846 | D83: =IPMT(C$2/12,A83,C$3,C$1*-1) -> 1681.7602 | H83: =ROUNDUP(A83/12,0) -> 7
A84: 80 | C84: =PPMT(C$2/12,A84,C$3,C$1*-1) -> 406.98879 | D84: =IPMT(C$2/12,A84,C$3,C$1*-1) -> 1679.3998 | H84: =ROUNDUP(A84/12,0) -> 7
A85: 81 | C85: =PPMT(C$2/12,A85,C$3,C$1*-1) -> 409.36289 | D85: =IPMT(C$2/12,A85,C$3,C$1*-1) -> 1677.0257 | H85: =ROUNDUP(A85/12,0) -> 7
A86: 82 | C86: =PPMT(C$2/12,A86,C$3,C$1*-1) -> 411.75084 | D86: =IPMT(C$2/12,A86,C$3,C$1*-1) -> 1674.6378 | H86: =ROUNDUP(A86/12,0) -> 7
A87: 83 | C87: =PPMT(C$2/12,A87,C$3,C$1*-1) -> 414.15272 | D87: =IPMT(C$2/12,A87,C$3,C$1*-1) -> 1672.2359 | H87: =ROUNDUP(A87/12,0) -> 7
A88: 84 | C88: =PPMT(C$2/12,A88,C$3,C$1*-1) -> 416.56861 | D88: =IPMT(C$2/12,A88,C$3,C$1*-1) -> 1669.82 | E88: =C1-SUM(C4:C88) -> 285838.29 | F88: =SUM(C5:C88) -> 27761.709 | G88: =SUM(C77:C88) -> 4842.4171 | H88: =ROUNDUP(A88/12,0) -> 7
A89: 85 | C89: =PPMT(C$2/12,A89,C$3,C$1*-1) -> 418.9986 | D89: =IPMT(C$2/12,A89,C$3,C$1*-1) -> 1667.39 | H89: =ROUNDUP(A89/12,0) -> 8
A90: 86 | C90: =PPMT(C$2/12,A90,C$3,C$1*-1) -> 421.44276 | D90: =IPMT(C$2/12,A90,C$3,C$1*-1) -> 1664.9459 | H90: =ROUNDUP(A90/12,0) -> 8
A91: 87 | C91: =PPMT(C$2/12,A91,C$3,C$1*-1) -> 423.90117 | D91: =IPMT(C$2/12,A91,C$3,C$1*-1) -> 1662.4875 | H91: =ROUNDUP(A91/12,0) -> 8
A92: 88 | C92: =PPMT(C$2/12,A92,C$3,C$1*-1) -> 426.37393 | D92: =IPMT(C$2/12,A92,C$3,C$1*-1) -> 1660.0147 | H92: =ROUNDUP(A92/12,0) -> 8
A93: 89 | C93: =PPMT(C$2/12,A93,C$3,C$1*-1) -> 428.86111 | D93: =IPMT(C$2/12,A93,C$3,C$1*-1) -> 1657.5275 | H93: =ROUNDUP(A93/12,0) -> 8
A94: 90 | C94: =PPMT(C$2/12,A94,C$3,C$1*-1) -> 431.3628 | D94: =IPMT(C$2/12,A94,C$3,C$1*-1) -> 1655.0258 | H94: =ROUNDUP(A94/12,0) -> 8
A95: 91 | C95: =PPMT(C$2/12,A95,C$3,C$1*-1) -> 433.87908 | D95: =IPMT(C$2/12,A95,C$3,C$1*-1) -> 1652.5095 | H95: =ROUNDUP(A95/12,0) -> 8
A96: 92 | C96: =PPMT(C$2/12,A96,C$3,C$1*-1) -> 436.41004 | D96: =IPMT(C$2/12,A96,C$3,C$1*-1) -> 1649.9786 | H96: =ROUNDUP(A96/12,0) -> 8
A97: 93 | C97: =PPMT(C$2/12,A97,C$3,C$1*-1) -> 438.95577 | D97: =IPMT(C$2/12,A97,C$3,C$1*-1) -> 1647.4329 | H97: =ROUNDUP(A97/12,0) -> 8
A98: 94 | C98: =PPMT(C$2/12,A98,C$3,C$1*-1) -> 441.51634 | D98: =IPMT(C$2/12,A98,C$3,C$1*-1) -> 1644.8723 | H98: =ROUNDUP(A98/12,0) -> 8
A99: 95 | C99: =PPMT(C$2/12,A99,C$3,C$1*-1) -> 444.09186 | D99: =IPMT(C$2/12,A99,C$3,C$1*-1) -> 1642.2968 | H99: =ROUNDUP(A99/12,0) -> 8
A100: 96 | C100: =PPMT(C$2/12,A100,C$3,C$1*-1) -> 446.68239 | D100: =IPMT(C$2/12,A100,C$3,C$1*-1) -> 1639.7062 | E100: =C1-SUM(C4:C100) -> 280645.81 | F100: =SUM(C5:C100) -> 32954.185 | G100: =SUM(C89:C100) -> 5192.4758 | H100: =ROUNDUP(A100/12,0) -> 8
...
